 Dungeon Crawl Stone Soup version 0.31-a0-986-g5e6e4ef (webtiles) character file.

Game seed: 16014773329129903966

1714078 Speno2 the Middleweight Champion (level 27, -1/249 HPs)
             Began as a Demonspawn Gladiator on Oct 25, 2023.
             Was the Champion of Okawaru.
             Killed by divine providence
             ... invoked by a daeva
              (13 damage)
             ... on level 23 of a ziggurat on Nov 3, 2023.
             The game lasted 10:03:23 (94102 turns).

Speno2 the Middleweight Champion (DsGl)            Turns: 94102, Time: 10:03:24

Health: -1/249     AC: 58    Str: 43    XL:     27
Magic:  6/54       EV: 39    Int: 18    God:    Okawaru [******]
Gold:   20255      SH:  4    Dex: 35    Spells: 37/80 levels left

rFire   + . .        a - +5 Lochaber axe {reach-cleave, Poleaxe Drain}
rCold   + + .        (shield currently unavailable)
rNeg    + + +        G - +10 crystal plate armour of Okawaru's Scorn {Dex+3}
rPois   ∞            c - -2 hat of the Alchemist {rElec rPois rF+ rC+ rN+ Will+ rMut rCorr}
rElec   +            B - +2 cloak of the Thief {*Fog Slay-2 SInv Stlth+}
rCorr   +            (gloves unavailable)
SInv    +            W - +1 pair of boots of the Sunfish {rElec Str+7 Stlth-}
Will    +++++        L - amulet of Spontaneous Combustion {RegenMP Contam +Inv Regen+ Dex+6} Stlth
                     A - ring of Imetoe {Will+ Int+6 Dex+5}
HPRegen 6.41/turn    j - ring "Belum" {Str+6 Int+3 Dex+3 Slay+6}
MPRegen 0.74/turn

%: resist mutation
@: death-form, on siphon cooldown, glowing, studying 8 skills
A: vile attack, torment immunity, no potions, claws 3, thin metallic scales 3,
icemail 2, powered by death 3, augmentation 3, condensation shield, agile 1,
strong 1, sturdy frame 1
}: 14/15 runes: serpentine, barnacled, slimy, silver, iron, obsidian, icy, bone,
abyssal, demonic, glowing, magical, fiery, dark
a: Siphon Essence, Begin Untransformation, Renounce Religion, Evoke
Invisibility, Heroism, Finesse, Duel


You were on level 23 of a ziggurat.
You worshipped Okawaru.
Okawaru was exalted by your worship.
You were an undying horror.
You visited 17 branches of the dungeon, and saw 80 of its levels.
You visited Pandemonium 2 times, and saw 18 of its levels.
You visited the Abyss 3 times.
You visited 4 ziggurats (completing 3), and saw 104 of their levels.
You also visited: Trove, Sewer, Ice Cave, Volcano and Desolation.

You collected 21223 gold pieces.
You spent 968 gold pieces at shops.

Inventory:

Hand Weapons
 a - the +5 Lochaber axe (weapon) {reach-cleave, Poleaxe Drain}
   (You found it on level 16 of a ziggurat)

   Poleaxe:   It uses either Axes or Polearms skill, whichever is higher.
   Drain:     It drains your maximum health when unequipped.
 z - the +8 Vampire's Tooth {megavamp}
   (You found it on level 7 of a ziggurat)
 K - the +27 heavy crossbow "Sniper" {heavy, Acc+∞ SInv}
   (You found it on level 26 of a ziggurat)

   Acc+∞: It never misses its target.
   SInv:      It lets you see invisible.
 S - the +8 storm bow {elec, penet}
   (You found it on level 15 of a ziggurat)
Armour
 c - the -2 hat of the Alchemist (worn) {rElec rPois rF+ rC+ rN+ Will+ rMut rCorr}
   (You found it on level 20 of a ziggurat)

   rF+:       It protects you from fire.
   rC+:       It protects you from cold.
   rElec:     It insulates you from electricity.
   rPois:     It protects you from poison rN+: It protects you from negative
   energy.
   Will+:     It increases your willpower.
   rCorr:     It protects you from acid and corrosion.
   rMut:      It protects you from mutation.
 f - a +8 tower shield of reflection
 l - the +1 pair of boots of Grottiness {rElec rCorr Slay+3}
   (You found it on level 20 of a ziggurat)

   Slay+3:    It affects your accuracy & damage with ranged weapons and melee
   (+3).
   rElec:     It insulates you from electricity.
   rCorr:     It protects you from acid and corrosion.
 B - the +2 cloak of the Thief (worn) {*Fog Slay-2 SInv Stlth+}
   (You found it on level 12 of a ziggurat)

   *Fog:      It may release a thick cloud of smoke when the wearer is hurt.
   Slay-2:    It affects your accuracy & damage with ranged weapons and melee
   (-2).
   SInv:      It lets you see invisible.
   Stlth+:    It makes you more stealthy.
 G - the +10 crystal plate armour of Okawaru's Scorn (worn) {Dex+3}
   (Okawaru gifted it to you on level 15 of the Dungeon)

   Dex+3:     It affects your dexterity (+3).
 W - the +1 pair of boots of the Sunfish (worn) {rElec Str+7 Stlth-}
   (You found it on level 15 of a ziggurat)

   Str+7:     It affects your strength (+7).
   rElec:     It insulates you from electricity.
   Stlth-:    It makes you less stealthy.
Magical Staves
 e - the staff "Ilaafus" {rElec Str+2 Int+3 Air}
   (You found it on level 5 of a ziggurat)

   [staff of air]

   Base accuracy: +5 Base damage: 5 Base attack delay: 1.2 This weapon's minimum
   attack delay (0.6) is reached at skill level 12.
   Str+2:     It affects your strength (+2).
   Int+3:     It affects your intelligence (+3).
   rElec:     It insulates you from electricity.
   Air:       It increases the power of your Air spells.
   It falls into the 'Staves' category.
   It is a one-handed weapon.
Jewellery
 d - the ring "Fawoir" {rElec rPois rF+ Int-5 Dex+5}
   (You found it on level 3 of a ziggurat)

   [ring of poison resistance]

   Int-5:     It affects your intelligence (-5).
   Dex+5:     It affects your dexterity (+5).
   rF+:       It protects you from fire.
   rElec:     It insulates you from electricity.
   rPois:     It protects you from poison
 g - the ring "Xicaqutewe" {*Corrode rElec rC++ AC+4 Dex+3}
   (You found it on level 7 of a ziggurat)

   [ring of protection]

   AC+4:      It affects your AC (+4).
   Dex+3:     It affects your dexterity (+3).
   rC++:      It greatly protects you from cold.
   rElec:     It insulates you from electricity.
   *Corrode:  It may corrode you when you take damage.
 i - the ring "Ugifety" {rElec rC- rN+ Str+6 Int+3}
   (You found it on level 10 of a ziggurat)

   [ring of strength]

   Str+6:     It affects your strength (+6).
   Int+3:     It affects your intelligence (+3).
   rC-:       It makes you vulnerable to cold.
   rElec:     It insulates you from electricity.
   rN+:       It protects you from negative energy.
 j - the ring "Belum" (right claw) {Str+6 Int+3 Dex+3 Slay+6}
   (You found it on level 21 of a ziggurat)

   [ring of strength]

   Str+6:     It affects your strength (+6).
   Int+3:     It affects your intelligence (+3).
   Dex+3:     It affects your dexterity (+3).
   Slay+6:    It affects your accuracy & damage with ranged weapons and melee
   (+6).
 u - the ring of the Mage {Wiz Archmagi}
   (You found it on level 10 of a ziggurat)

   [ring of wizardry]

   Wiz:       It improves your spell success rate.
   Archmagi:  It increases the power of your magical spells.
 w - the amulet of Vitality {RegenMP++ Regen++}
   (You took it off a royal mummy on level 1 of the Crypt)

   [amulet of magic regeneration]

   RegenMP:   It increases your rate of magic regeneration.
   Regen++:   It increases your rate of health regeneration.
 A - the ring of Imetoe (left claw) {Will+ Int+6 Dex+5}
   (You found it on level 12 of a ziggurat)

   [ring of intelligence]

   Int+6:     It affects your intelligence (+6).
   Dex+5:     It affects your dexterity (+5).
   Will+:     It increases your willpower.
 E - the ring "Zeurez" {Wiz Str+3}
   (You found it on level 12 of a ziggurat)

   [ring of wizardry]

   Wiz:       It improves your spell success rate.
   Str+3:     It affects your strength (+3).
 H - the ring of Miohyxaq {Fire Int+3}
   (You found it on level 22 of a ziggurat)

   [ring of fire]

   Fire:      It enhances your fire magic.
   Int+3:     It affects your intelligence (+3).
   rF+:       It protects you from fire.
   rC-:       It makes you vulnerable to cold.
 L - the amulet of Spontaneous Combustion (around neck) {RegenMP Contam +Inv Regen+ Dex+6}
   (You acquired it on level 13 of a ziggurat)

   [amulet of magic regeneration]

   RegenMP:   It increases your rate of magic regeneration.
   Dex+6:     It affects your dexterity (+6).
   +Inv:      It lets you turn invisible.
   Contam:    It causes magical contamination when unequipped.
   Regen+:    It increases your rate of health regeneration.
 O - the ring of the Hare {EV+10}
   (You found it on level 9 of a ziggurat)

   [ring of evasion]

   EV+10:     It affects your evasion (+10).
 P - the amulet of Jusmiw {RegenMP *Slow rN+ Will+ rCorr Stlth+}
   (You found it on level 14 of a ziggurat)

   [amulet of magic regeneration]

   RegenMP:   It increases your rate of magic regeneration.
   rN+:       It protects you from negative energy.
   Will+:     It increases your willpower.
   rCorr:     It protects you from acid and corrosion.
   *Slow:     It may slow you when you take damage.
   Stlth+:    It makes you more stealthy.
 Q - the ring of Eternity {+Blink rF++ EV+5 Str-3 Int+2}
   (You found it on level 14 of a ziggurat)

   [ring of evasion]

   EV+5:      It affects your evasion (+5).
   Str-3:     It affects your strength (-3).
   Int+2:     It affects your intelligence (+2).
   rF++:      It greatly protects you from fire.
   +Blink:    It lets you blink.
 T - the ring "Ocoaria" {rN+ Will+ Dex+2 SInv}
   (You found it on level 17 of a ziggurat)

   [ring of see invisible]

   Dex+2:     It affects your dexterity (+2).
   rN+:       It protects you from negative energy.
   Will+:     It increases your willpower.
   SInv:      It lets you see invisible.
 V - the ring "Amoseul" {Fire SInv}
   (You found it on level 17 of a ziggurat)

   [ring of fire]

   Fire:      It enhances your fire magic.
   rF+:       It protects you from fire.
   rC-:       It makes you vulnerable to cold.
   SInv:      It lets you see invisible.
 X - the ring of Xeeqies {Wiz Int+7}
   (You found it on level 18 of a ziggurat)

   [ring of wizardry]

   Wiz:       It improves your spell success rate.
   Int+7:     It affects your intelligence (+7).
Talismans
 Z - a talisman of death (active)
Wands
 p - a wand of digging (90)
 r - a wand of iceblast (256)
 U - a wand of light (189)
Scrolls
 b - 21 scrolls of blinking
 h - 25 scrolls of silence
 n - 21 scrolls of enchant armour
 t - 105 scrolls of teleportation
 C - 27 scrolls of fog
 D - 5 scrolls of fear
 F - 14 scrolls of vulnerability
 I - 12 scrolls of torment
 N - 34 scrolls of immolation
Potions
 k - 34 potions of haste
 o - 4 potions of berserk rage
 q - 43 potions of mutation
 s - 11 potions of experience
 v - 16 potions of lignification
 x - 14 potions of might
 J - 24 potions of heal wounds
 R - 3 potions of curing
 Y - 18 potions of cancellation
Miscellaneous
 m - a phial of floods
 y - a lightning rod (4/4)
 M - a phantom mirror


   Skills:
 O Level 27 Fighting
 - Level 2.0 Short Blades
 O Level 27 Axes
 - Level 3.0(18.2) Maces & Flails
 - Level 1.8 Throwing
 O Level 27 Armour
 O Level 27 Dodging
 - Level 8.0 Stealth
 O Level 27 Shields
 O Level 27 Unarmed Combat
 O Level 27 Spellcasting
 O Level 27 Conjurations
 - Level 14.7 Hexes
 - Level 8.0 Necromancy
 - Level 25.1 Fire Magic
 O Level 27 Ice Magic
 + Level 23.9 Air Magic
 O Level 27 Invocations
 O Level 27 Evocations
 O Level 27 Shapeshifting


You had 37 spell levels left.
You knew the following spells:

 Your Spells              Type           Power      Damage    Failure   Level
a - Yara's Violent Unrav  Hex/Tmut       25%        3d11      4%          5
b - Fire Storm            Conj/Fire      43%        8d11      9%          9
c - Ignition              Fire           43%        3d12      1%          8
d - Ozocubu's Armour      Ice            88%        N/A       0%          3
e - Polar Vortex          Ice            44%        12d5*     6%          9
f - Chain Lightning       Conj/Air       43%        3d57      11%         9

Your spell library contained the following spells:

 Spells                   Type           Power      Damage    Failure   Level
 Foxfire                  Conj/Fire      100%       2x1d9     0%          1
 Freeze                   Ice            100%       1d10      0%          1
 Kiss of Death            Conj/Necr      100%       2d13      0%          1
 Magic Dart               Conj           100%       1d8       0%          1
 Shock                    Conj/Air       100%       1d9       0%          1
 Slow                     Hex            100%       N/A       0%          1
 Ensorcelled Hibernation  Hex/Ice        100%       N/A       0%          2
 Jinxbite                 Hex            100%       N/A       0%          2
 Scorch                   Fire           100%       2d9       0%          2
 Searing Ray              Conj           100%       2d8       0%          2
 Static Discharge         Conj/Air       100%       3-8/arc   0%          2
 Dazzling Flash           Conj/Hex       100%       N/A       0%          3
 Frozen Ramparts          Ice            100%       1d16      0%          3
 Hailstorm                Conj/Ice       88%        3d18      0%          3
 Inner Flame              Hex/Fire       77%        N/A       0%          3
 Mephitic Cloud           Conj/Pois/Air  71%        N/A       0%          3
 Swiftness                Air            84%        N/A       0%          3
 Airstrike                Air            42%        2d(6-22)  0%          4
 Flame Wave               Conj/Fire      87%        2d19      0%          4
 Fulminant Prism          Conj/Hex       39%        3d17      0%          4
 Sticky Flame             Conj/Fire      87%        2d10      0%          4
 Arcjolt                  Conj/Air       43%        1d53      0%          5
 Fireball                 Conj/Fire      43%        3d17      0%          5
 Freezing Cloud           Conj/Ice/Air   43%        6-21      0%          5
 Iskenderun's Battlesphe  Conj           88%        2d14      0%          5
 Conjure Ball Lightning   Conj/Air       43%        3x3d15    0%          6
 Starburst                Conj/Fire      43%        6d12      0%          6
 Necrotise                Necr           100%       1d9       1%          1
 Cigotuvi's Dreadful Rot  Necr/Pois/Air  100%       N/A       1%          2
 Momentum Strike          Conj/Tloc      100%       3d10      1%          2
 Poisonous Vapours        Pois/Air       100%       N/A       1%          2
 Sublimation of Blood     Necr           52%        N/A       1%          2
 Confusing Touch          Hex            67%        N/A       1%          3
 Ignite Poison            Fire/Tmut/Pois 53%        N/A       1%          3
 Sigil of Binding         Hex            67%        N/A       1%          3
 Stone Arrow              Conj/Erth      100%       3d13      1%          3
 Vampiric Draining        Necr           52%        2d9       1%          3
 Volatile Blastmotes      Fire/Tloc      100%       2d18      1%          3
 Anguish                  Hex/Necr       30%        N/A       1%          4
 Brom's Barrelling Bould  Conj/Erth      64%        2d8       1%          4
 Cause Fear               Hex            33%        N/A       1%          4
 Dimensional Bullseye     Hex/Tloc       25%        N/A       1%          4
 Dispel Undead            Necr           52%        3d19      1%          4
 Iskenderun's Mystic Bla  Conj/Tloc      64%        2d13      1%          4
 Leda's Liquefaction      Hex/Erth       25%        N/A       1%          4
 Vhi's Electric Charge    Tloc/Air       100%       N/A       1%          4
 Irradiate                Conj/Tmut      32%        3d22      1%          5
 Metabolic Englaciation   Hex/Ice        39%        N/A       1%          5
 Silence                  Hex/Air        38%        N/A       1%          5
 Plasma Beam              Fire/Air       42%        2x1d56    1%          6
 Orb of Destruction       Conj           44%        9d12      1%          7
 Ozocubu's Refrigeration  Ice            44%        4d17      1%          7
 Maxwell's Capacitive Co  Air            42%        ∞         1%          8
 Bombard                  Conj/Erth      32%        9d6       2%          6
 Apportation              Tloc           48%        N/A       3%          1
 Sandblast                Erth           48%        2d12      3%          1
 Sting                    Tmut/Pois      96%        1d7       3%          1
 Agony                    Necr           52%        N/A       3%          5
 Blink                    Tloc           48%        N/A       5%          2
 Lesser Beckoning         Tloc           48%        N/A       5%          2
 Passwall                 Tmut/Erth      20%        N/A       5%          2
 Wereblood                Tmut           24%        N/A       5%          2
 Enfeeble                 Hex            33%        N/A       8%          7
 Gell's Gravitas          Tloc           24%        N/A       11%         3
 Teleport Other           Tloc           24%        N/A       11%         3
 Borgnjor's Vile Clutch   Necr/Erth      19%        N/A       21%         5
 Manifold Assault         Tloc           24%        N/A       36%         4
 Olgreb's Toxic Radiance  Pois           24%        N/A       36%         4
 Passage of Golubria      Tloc           24%        N/A       36%         4
 Petrify                  Tmut/Erth      24%        N/A       36%         4
 Discord                  Hex            33%        N/A       50%         8
 Lehudib's Crystal Spear  Conj/Erth      32%        10d8      67%         8
 Alistair's Intoxication  Tmut/Pois      16%        N/A       71%         5
 Lee's Rapid Deconstruct  Erth           12%        3d8*      71%         5
 Dispersal                Tloc           12%        N/A       99%         6
 Eringya's Noxious Bog    Tmut/Pois      12%        4d6       99%         6
 Borgnjor's Revivificati  Necr           26%        N/A       100%        8
 Disjunction              Tloc           12%        N/A       100%        8
 Death's Door             Necr           26%        N/A       100%        9
 Shatter                  Erth           12%        3d13*     100%        9
 Summon Guardian Golem    Hex/Summ       Unusable   N/A       N/A         3
 Animate Dead             Necr           Unusable   N/A       N/A         4
 Summon Ice Beast         Ice/Summ       Unusable   N/A       N/A         4
 Summon Lightning Spire   Summ/Air       Unusable   N/A       N/A         4
 Simulacrum               Ice/Necr       Unusable   N/A       N/A         6
 Summon Small Mammal      Summ           Unusable   N/A       N/A         1
 Summon Mana Viper        Hex/Summ       Unusable   N/A       N/A         5
 Call Imp                 Summ           Unusable   N/A       N/A         2
 Call Canine Familiar     Summ           Unusable   N/A       N/A         3
 Spellforged Servitor     Conj/Summ      Unusable   N/A       N/A         7
 Death Channel            Necr           Unusable   N/A       N/A         6
 Animate Armour           Summ/Erth      Unusable   N/A       N/A         4
 Summon Forest            Summ/Tloc      Unusable   N/A       N/A         5
 Haunt                    Necr/Summ      Unusable   N/A       N/A         7
 Summon Hydra             Summ           Unusable   N/A       N/A         7
 Summon Horrible Things   Summ           Unusable   N/A       N/A         8

Dungeon Overview and Level Annotations

Branches:
Dungeon (15/15)            Temple (1/1) D:4            Lair (5/5) D:9
 Shoals (4/4) Lair:3        Snake (4/4) Lair:3        Slime (5/5) Lair:4
    Orc (2/2) D:10            Elf (3/3) Orc:2        Vaults (5/5) D:13
  Crypt (2/3) Vaults:3     Depths (4/4) D:15           Hell (visited)
    Dis (7/7) Hell            Geh (7/7) Hell            Coc (7/7) Hell
    Tar (7/7) Hell            Zot (4/5) Depths:4      Sewer (visited)
  IceCv (visited)         Volcano (visited)         Desolation (visited)

Altars:
Ashenzari
Cheibriados
Dithmenos
Fedhas
Gozag
Hepliaklqana
Kikubaaqudgha
Makhleb
Nemelex Xobeh
Okawaru
Ru
Sif Muna
Trog
Uskayaw
Vehumet
Wu Jian
Xom
Yredelemnul
Jiyva

Shops:
D:6 *   D:8 :   Orc:2 :*(?   Elf:1 (   Elf:2 :=:   Shoals:4 (   Snake:2 !
Snake:3 :(   Snake:4 [   Vaults:3 ?   Zot:4 *

Portals:
Hell: Depths:1 Depths:2 Depths:3 Depths:4
Abyss: Depths:3 Depths:4
Pandemonium: Depths:1 Depths:2

Annotations:
D:3 1 runed translucent door, Crazy Yiuf
D:12 3 runed translucent doors, Nuylu's ghost, journeyman AtSh
Snake:2 2 transporters, aurelian's ghost, adept HORe
Elf:2 3 runed translucent doors


Innate Abilities, Weirdness & Mutations

You are an undying horror.
Your melee and unarmed attacks drain, slow and weaken victims.
You are immune to unholy pain and torment.
You cannot drink.
You are immune to poison.
You have claws for hands.
You are completely covered in thin metallic scales. (AC +4, rElec)
A meltable icy envelope protects you from harm. (AC +8)
You regenerate a lot of health from kills.
Your magical and physical power is greatly enhanced at high health.
A meltable shield of frost defends you. (SH +4)
You are agile. (Dex +4, Str/Int -1)
Your muscles are strong. (Str +4, Int/Dex -1)
Your movements are slightly less encumbered by armour. (ER -2)


Message History

The daeva is no longer moving slowly.
The daeva is no longer weakened.
The daeva calls down the wrath of the Shining One upon you.
The Shining One smites you!
The cherub sings a powerful hymn!
The cherub goes into a battle-frenzy!
The daeva calls down the wrath of the Shining One upon you.
The Shining One smites you!
* * * LOW HITPOINT WARNING * * *
The daeva calls down the wrath of the Shining One upon you.
The Shining One smites you!
* * * LOW HITPOINT WARNING * * *
The daeva calls down the wrath of the Shining One upon you.
The Shining One smites you!
* * * LOW HITPOINT WARNING * * *
The cherub's eagle-head screeches!
Unknown command.
Blink to where?
Press: ? - help, Q - select action, (/) - cycle Dir - move target
As you read the scroll of blinking, it crumbles to dust.
The ophan no longer looks unusually strong.
The daeva calls down the wrath of the Shining One upon you.
The Shining One smites you!
* * * LOW HITPOINT WARNING * * *
The daeva calls down the wrath of the Shining One upon you.
The Shining One smites you!
* * * LOW HITPOINT WARNING * * *
The daeva calls down the wrath of the Shining One upon you.
The Shining One smites you!
* * * LOW HITPOINT WARNING * * *
As you read the scroll of fog, it dissolves into smoke.
Your surroundings suddenly seem different.
The daeva no longer looks unusually strong. x2
The ophan calls forth blessed flames!
Blessed fire suddenly surrounds you!
The daeva calls down the wrath of the Shining One upon you.
The Shining One smites you!
* * * LOW HITPOINT WARNING * * *
The daeva calls down the wrath of the Shining One upon you.
The Shining One smites you!
You die...

▓....... ▓........
▓........ ▓........
▓▓▓▓▓▓▓▓▓▓▓▓..........
▓§§§§z§...............
▓§§§§§§......#≈#.....#
▓§§§.........≈#≈))...§
▓§§§.........#≈#A..[.#
▓..A..G.A.........A[..
▓..D........).))A§))A.
▓∩AA.AA....†.A§§)GD[AG
▓§DA.AA......A§§)).A[.
▓§.AGAA.....A.§....G..


You could see 7 daevas, 2 pearl dragons, an angel (strong, slow, weak), an ophan
(strong) and a cherub (strong).

Vanquished Creatures
  Cerebov (Arena)
  Antaeus (Coc:7)
  the Royal Jelly (Slime:5)
  Asmodeus (Geh:7)
  Ereshkigal (Tar:7)
  Ignacio (Pan)
  Gloorx Vloq (Pan)
  The ghost of Tibbeudu the Wishgranter, a legendary DjCj of Makhleb (Zig:23)
  The ghost of Giukefig the Petrodigitator, a legendary DDBr of Makhleb (Zig:6)
  The ghost of Giukefig the Petrodigitator, a legendary DDBr of Makhleb (Arena)
  The ghost of Giukefig the Petrodigitator, a legendary DDBr of Makhleb (Zig:23)
  The ghost of Giukefig the Petrodigitator, a legendary DDBr of Makhleb (Zig:9)
  The ghost of Atufasha the Petrodigitator, a legendary DDBr of Makhleb (Zig:23)
  A seraph (Pan)
  Mnoleg (Pan)
  Lom Lobon (Pan)
  11 dread liches
  Dispater (Dis:7)
  The ghost of Jinaptea the Conqueror, a legendary DDFi of Makhleb (Arena)
  The ghost of Jinaptea the Conqueror, a legendary DDFi of Makhleb (Zig:23)
  The ghost of Jinaptea the Conqueror, a legendary DDFi of Makhleb (Zig:23)
  Khufu (Crypt:1)
  30 ancient liches
  The ghost of Wiesk the Conqueror, a legendary DDFi of Makhleb (Zig:23)
  The ghost of Wiesk the Conqueror, a legendary DDFi of Makhleb (Arena)
  The ghost of Wiesk the Conqueror, a legendary DDFi of Makhleb (Zig:23)
  5 orbs of fire (Zig:7)
  The ghost of Woumy the Conqueror, a legendary GnFi of Makhleb (Zig:23)
  The ghost of Siupsuvve the Slayer, a veteran MiBe of Trog (Zig:23)
  The ghost of Kinoajidouf the Axe Maniac, a master HOBe of Trog (Zig:23)
  5 juggernauts
  The ghost of Yxuenos the Conqueror, a legendary DsFi of Makhleb (Zig:23)
  The ghost of Yxuenos the Conqueror, a legendary DsFi of Makhleb (Zig:23)
  Boris (Vaults:3)
  The ghost of Roocroe the Impregnable, a veteran MiGl of Hepliaklqana (Crypt:1)
  60 royal mummies
  Josephina (Zot:2)
  Parghit (Depths:4)
  24 Killer Klowns
  39 shard shrikes
  Vv (Zot:2)
  Bai Suzhen (Depths:1)
  6 curse toes
  70 caustic shrikes
  Xtahua (Depths:4)
  43 golden dragons
  Nikola (Shoals:4)
  The ghost of Zoalos the Devastator, a veteran GrEE of Lugonu (Crypt:1)
  The ghost of Fainec the Devastator, a veteran GrEE of Lugonu (Crypt:1)
  The ghost of Esecs the Devastator, a veteran GrEE of Lugonu (Crypt:1)
  The ghost of Vailuoroe the Devastator, a veteran GrEE of Lugonu (Crypt:1)
  The ghost of Zoalos the Devastator, a veteran GrEE of Lugonu (Crypt:1)
  Geryon (Hell)
  23 bone dragons
  7 profane servitors
  48 pearl dragons
  40 Tzitzimimeh
  48 Brimstone Fiends
  20 iron giants
  The ghost of Kucw the Warrior, an adept GrFi of Cheibriados (Crypt:1)
  27 electric golems
  16 doom hounds
  54 hellephants
  A spectral shard shrike (Tar:3)
  32 pandemonium lords
  65 Ice Fiends
  25 tentacled monstrosities
  32 tainted leviathans
  Mlioglotl (Shoals:4)
  2 walking crystal tomes
  15 liches
  A walking earthen tome (Depths:3)
  Zenata (Vaults:2)
  59 titans
  61 Hell Sentinels
  12 sphinxes
  42 searing wretches
  14 quicksilver dragons
  Asterion (Elf:3)
  9 tentacled starspawn
  A sphinx (shapeshifter) (Zig:17)
  79 acid blobs
  40 deep elf blademasters
  A walking frostbound tome (Depths:4)
  4 death cobs
  A walking divine tome (Depths:4)
  49 deep elf master archers
  30 ancient champions
  The ghost of Loet the Brawler, an adept TrGl of Hepliaklqana (Depths:3)
  39 storm dragons
  A thorn hunter (Zig:20)
  26 shadow dragons
  58 Executioners
  A shadow dragon (shapeshifter) (Zig:13)
  9 revenants
  Ilsuiw (Shoals:4)
  3 fire giants (shapeshifter)
  19 tengu reavers
  3 fenstrider witches (Zig:20)
  33 nagarajas
  Roxanne (Snake:3)
  28 azure jellies
  50 draconian monks
  37 draconian knights
  33 demonspawn warmongers
  56 daevas
  An iron dragon (shapeshifter) (Zig:13)
  2 fenstrider witches (shapeshifter) (Zig:9)
  The ghost of Unit the Devastator, an adept DsVM of Gozag (Elf:3)
  21 frost giants
  48 narguns
  Aizul (Arena)
  34 fire giants
  An azure jelly (shapeshifter) (Zig:17)
  18 iron dragons
  37 rockslimes
  An emperor scorpion (shapeshifter) (Zig:9)
  31 vault wardens
  59 draconian scorchers
  A caustic shrike zombie (Zig:27)
  22 deep elf sorcerers
  78 balrugs
  2 spectral juggernauts (Tar:4)
  4 juggernaut zombies
  37 quicksilver elementals
  5 shard shrike simulacra
  10 deep elf elementalists
  40 draconian stormcallers
  26 ghost moths
  27 cacodemons
  50 draconian shifters
  8 curse skulls
  28 orc warlords
  31 demonspawn corrupters
  The ghost of Shifty the Eclecticist, a journeyman DjFE of Cheibriados (D:14)
  12 emperor scorpions
  39 reapers
  20 ironbound preservers
  39 ophanim
  24 quicksilver oozes
  68 angels
  6 ghouls
  A spectral caustic shrike (Tar:3)
  A stone giant (shapeshifter) (Zig:9)
  75 war gargoyles
  32 demonspawn blood saints
  72 draconian annihilators
  2 broodmothers
  14 ironbound thunderhulks
  5 spriggan defenders
  28 very ugly things
  13 formless jellyfish
  42 stone giants
  55 apis
  5 eleionomae
  41 deep elf demonologists
  2 juggernaut skeletons (Zig:27)
  6 vampire knights
  37 putrid mouths
  15 elemental wellsprings
  2 dire elephants (shapeshifter)
  2 eleionomae (shapeshifter)
  29 green draconians
  34 yellow draconians
  Nessos (D:15)
  8 bennus
  Azrael (Snake:3)
  33 demonspawn black suns
  A minotaur (Zig:8)
  37 dire elephants
  57 wendigos
  62 deep elf annihilators
  38 black draconians
  27 white draconians
  A spectral titan (Tar:4)
  2 halazid warlocks (Desolation)
  2 bunyips (shapeshifter)
  31 spark wasps
  43 red draconians
  The ghost of Agremn the Severer, a journeyman MiFi of Ru (Orc:1)
  6 bunyips
  44 purple draconians
  18 lorocyprocas
  37 iron golems
  13 deep elf death magi
  Snorg (Lair:4)
  20 eidola
  56 blizzard demons
  19 ettins
  8 crystal guardians
  24 merfolk javelineers
  47 mummy priests
  26 merfolk impalers
  2 quicksilver dragon zombies
  41 green deaths
  12 shambling mangroves
  38 deep elf high priests
  16 fire dragons
  8 jiangshi (Crypt:2)
  2 spectral golden dragons
  5 servants of whispers (Desolation)
  A spectral iron giant (Tar:3)
  6 spectral spriggans
  7 ragged hierophants (Desolation)
  21 entropy weavers
  7 rakshasas
  16 great orbs of eyes
  33 yaktaur captains
  2 quicksilver dragon skeletons
  12 hell beasts
  3 spriggan zombies
  10 ghost crabs
  44 salamander tyrants
  55 hydras
  14 ice dragons
  13 anacondas
  3 caustic shrike simulacra
  5 peacekeepers
  6 juggernaut simulacra
  45 vault guards
  2 death knights (Crypt:1)
  33 merfolk aquamancers
  7 ogre magi
  11 catoblepae
  27 naga warriors
  A spectral stone giant (Tar:1)
  12 centaur warriors
  2 sphinx zombies (Zig:15)
  13 ironbound frosthearts
  11 merfolk avatars
  8 alligator snapping turtles
  3 spriggan skeletons
  3 sphinx skeletons
  16 satyrs
  27 spriggan air magi
  2 jorogumos (Zig:12)
  10 stokers
  6 alligators
  2 two-headed ogres (shapeshifter)
  4 two-headed ogres
  4 radroaches
  7 demonic crawlers
  23 death scarabs
  9 death yaks
  7 vampire magi
  8 boulder beetles
  86 dancing weapons
  7 deep troll earth magi
  6 tengu warriors
  11 thrashing horrors
  35 hell hogs
  A spectral dire elephant (Tar:2)
  4 deep troll shamans
  15 hell knights
  22 naga sharpshooters
  12 spriggan berserkers
  2 titan zombies
  4 occultists
  Urug (Lair:4)
  2 storm dragon zombies (Zig:13)
  47 deep elf knights
  30 orc high priests
  13 skysharks
  43 soul eaters
  33 shock serpents
  30 crystal echidnas
  58 sun demons
  5 wretched stars
  2 fire crabs (Zig:7)
  7 pharaoh ants
  2 fire crabs (shapeshifter)
  5 golden dragon zombies
  3 storm dragon skeletons
  3 skysharks (shapeshifter)
  A spatial maelstrom (Zig:8)
  17 iron trolls
  22 skeletal warriors
  39 shadow wraiths
  4 sun moths
  2 titan skeletons
  A death drake (shapeshifter) (Zig:24)
  2 spark wasp zombies
  20 death drakes
  37 cherubim
  A deep troll (shapeshifter) (Zig:4)
  An orb spider (shapeshifter) (Zig:21)
  7 salamander mystics
  3 quicksilver dragon simulacra
  21 sixfirhies
  18 swamp dragons
  6 flayed ghosts
  8 obsidian statues
  12 steelbarb worms
  A sea snake (shapeshifter) (Zig:17)
  29 sea snakes
  57 deep trolls
  4 goliath frogs
  8 arcanists
  17 spriggan druids
  20 shadow demons
  9 naga ritualists
  3 golden dragon skeletons
  Pikel (D:4)
  4 bog bodies
  16 orb spiders
  3 steelbarb worms (shapeshifter)
  2 swamp dragons (shapeshifter)
  8 glowing orange brains
  22 ironbound convokers
  2 lindwurms (shapeshifter)
  8 necromancers
  47 deep elf archers
  23 harpies
  26 phantasmal warriors
  2 orange crystal statues
  2 salamanders (shapeshifter)
  80 deep elf pyromancers
  70 deep elf zephyrmancers
  3 manticores (shapeshifter)
  26 orc sorcerers
  A shadow dragon zombie (Zig:23)
  An anaconda skeleton (Abyss:3)
  A fire giant zombie (Zig:9)
  16 mana vipers
  22 orc knights
  An iron dragon zombie (Zig:15)
  19 oklob plants
  14 wolf spiders
  10 lindwurms
  A spectral ettin (Tar:6)
  A tengu skeleton (Zig:15)
  A frost giant zombie (Zig:7)
  2 mana vipers (shapeshifter)
  17 shining eyes
  37 manticores
  A broodmother zombie (Crypt:2)
  41 ugly things
  3 fauns (shapeshifter)
  25 elephants
  35 fauns
  A stone giant skeleton (Pan)
  23 salamanders
  2 worldbinders (Abyss:3)
  33 cyclopes
  41 moths of wrath
  6 will-o-the-wisps
  A spectral centaur (Tar:2)
  129 slime creatures
  An elephant (shapeshifter) (Zig:24)
  A guardian serpent (shapeshifter) (Elf:2)
  10 rust devils
  64 black mambas
  A black mamba (shapeshifter) (Elf:2)
  An eye of devastation (shapeshifter) (Zig:10)
  10 apocalypse crabs
  28 water nymphs
  26 merfolk sirens
  2 water nymphs (shapeshifter)
  A centaur skeleton (Crypt:2)
  10 molten gargoyles
  14 eyes of devastation
  11 guardian serpents
  36 smoke demons
  13 ice statues
  3 titan simulacra
  19 torpor snails
  3 torpor snails (shapeshifter)
  28 vault sentinels
  30 naga magi
  A storm dragon simulacrum (Coc:1)
  A yellow draconian zombie (Crypt:1)
  38 orange demons
  5 gargoyles
  Maggie (D:6)
  A cane toad (shapeshifter) (D:13)
  78 hellions
  37 cane toads
  12 efreet
  21 freezing wraiths
  12 rime drakes
  2 golden dragon simulacra
  An unseen horror (shapeshifter) (Zig:25)
  48 yaktaurs
  2 tengu conjurers
  7 anaconda simulacra
  A rime drake (shapeshifter) (Elf:3)
  A spectral glowing shapeshifter (Zig:14)
  6 unseen horrors
  57 tormentors
  A komodo dragon (shapeshifter) (Zig:21)
  31 komodo dragons
  7 ancient zymes
  A spectral naga (Tar:1)
  3 bloated husks (Zig:20)
  10 polar bears
  3 silent spectres
  15 ice devils
  A troll (shapeshifter) (Zig:24)
  8 meliai
  2 queen bees (shapeshifter)
  36 wind drakes
  94 guardian mummies
  A queen bee (D:9)
  2 spectral harpies
  23 trolls
  2 harpy zombies
  A meliai (shapeshifter) (Zig:24)
  A tyrant leech (Zig:10)
  84 merfolk
  3 tengu simulacra
  32 hornets
  8 red devils
  25 hellwings
  15 raiju
  4 wind drakes (shapeshifter)
  39 saltlings (Desolation)
  2 tarantellas (shapeshifter)
  8 dream sheep
  2 shadow dragon simulacra
  6 tarantellas
  A draconian simulacrum (Zot:2)
  A meliai zombie (Crypt:2)
  A glass eye (shapeshifter) (Zig:24)
  20 blink frogs
  Grinder (D:6)
  2 dream sheep (shapeshifter)
  14 glass eyes
  An ettin zombie (Zig:2)
  A fire dragon zombie (Crypt:2)
  28 air elementals
  29 snapping turtles
  A snapping turtle (shapeshifter) (Zig:21)
  49 ynoxinuls
  10 jumping spiders
  29 flying skulls
  2 vampires (D:10)
  7 wraiths
  A culicivora (shapeshifter) (D:14)
  6 culicivoras
  3 centaur simulacra
  An ettin skeleton (Pan)
  40 water elementals
  An ice dragon skeleton (Pan)
  26 spriggans
  8 wyverns
  2 dire elephant simulacra (Coc:6)
  38 ushabtiu
  7 fire bats
  2 shadows
  A hog (shapeshifter) (Zig:14)
  A fire bat (shapeshifter) (D:12)
  58 yaks
  A tyrant leech zombie (Crypt:2)
  29 golden eyes
  2 golden eyes (shapeshifter) (Zig:14)
  40 starcursed masses
  11 basilisks
  26 fire elementals
  8 minotaur simulacra (IceCv)
  2 steam dragons
  6 redbacks
  32 neqoxecs
  13 vampire mosquitoes
  24 chaos spawn
  Menkaure (D:4)
  60 large abominations
  2 spatial vortices (Abyss:3)
  A swamp worm (shapeshifter) (Zig:24)
  15 harpy simulacra
  6 glowing shapeshifter zombies
  47 nagas
  3 acid dragons
  18 hell hounds
  21 wargs
  3 moth of wrath simulacra (Zot:2)
  28 water moccasins
  2 hydra simulacra
  4 swamp drakes
  5 glowing shapeshifter skeletons
  A spectral troll (Orc:1)
  An ice beast (D:6)
  83 orc warriors
  2 sky beasts
  7 black bears
  27 ogres
  13 boggarts
  28 wolves
  3 ettin simulacra
  17 centaurs
  A lemure (D:4)
  A phantom (D:5)
  A yaktaur zombie (Crypt:1)
  3 kobold brigands
  10 bullfrogs
  A necrophage (Crypt:2)
  8 scorpions
  4 gnoll sergeants
  A spectral warg (Orc:1)
  A naga simulacrum (Coc:1)
  12 deep troll simulacra (IceCv)
  A water moccasin zombie (Crypt:1)
  10 wights
  An elf skeleton (Crypt:2)
  A glowing shapeshifter simulacrum (Zig:15)
  13 earth elementals
  29 killer bees
  A spectral ogre (Orc:1)
  2 lindwurm simulacra (IceCv)
  3 howler monkeys
  2 electric eels
  A jelly (D:8)
  2 hounds (D:7)
  A gnoll bouda (Zig:26)
  23 orc priests
  3 iron imps (Abyss:3)
  24 orc wizards
  10 small abominations (Abyss:3)
  Ijyb (D:3)
  5 iguanas
  10 spriggan simulacra
  A polar bear simulacrum (Lair:2)
  2 spectral orcs (Orc:1)
  119 mummies
  19 gnolls
  14 adders
  2 river rats (Sewer)
  2 shadow imps
  4 white imps
  4 ufetubi
  2 orc simulacra (Orc:1)
  An adder zombie (Crypt:1)
  2 dart slugs
  50 orcs
  A bat zombie (Crypt:1)
  3 endoplasms
  8 giant cockroaches
  10 goblins
  6 hobgoblins
  4 quokkas
  11 ball pythons
  3 bats
  6 frilled lizards
  A jackal skeleton (Crypt:1)
  19 kobolds
  7 rats
  A river rat skeleton (Crypt:1)
  2 creeping infernos
  25 fire vortices
  2 spectral weapons
  10 starspawn tentacles
8606 creatures vanquished.

Vanquished Creatures (collateral kills)
  A shard shrike (Zig:24)
  An Ice Fiend (Zig:24)
  An acid blob (Zig:17)
  A nargun (Zig:24)
  A draconian scorcher (Zig:23)
  A very ugly thing (Zig:9)
  A black draconian (Zig:23)
  A shambling mangrove (Zig:10)
  A fire dragon (Zig:7)
  A death drake (shapeshifter) (Zig:9)
  A deep elf zephyrmancer (Zig:25)
  A shining eye (Zig:17)
12 creatures vanquished.

Vanquished Creatures (others)
  A golden dragon (Zig:20)
  A tentacled monstrosity (Zig:20)
  An eldritch tentacle (Zig:10)
  An Executioner (Zig:25)
  A fire giant (Depths:4)
  2 demonspawn warmongers (Zig:16)
  A nargun (Zig:26)
  A draconian scorcher (Zig:22)
  A ghost moth (Zig:18)
  A cacodemon (Zig:12)
  A broodmother (Zig:12)
  A deep elf annihilator (Zig:27)
  A bunyip (Zig:20)
  2 merfolk impalers
  2 green deaths (Zig:20)
  A merfolk javelineer (Zig:22)
  A deep elf high priest (Zig:24)
  2 hydras (Zig:20)
  2 caustic shrike simulacra
  A rakshasa (Pan)
  A salamander tyrant (Zig:19)
  A juggernaut simulacrum (Coc:7)
  A merfolk avatar (Zig:22)
  2 dancing weapons (Zig:24)
  2 merfolk aquamancers
  A hell hog (Zig:22)
  A satyr (Zig:22)
  A naga sharpshooter (Zig:12)
  3 deep elf knights
  A wretched star (Abyss:3)
  An orb spider (Zig:15)
  2 sea snakes
  A quicksilver dragon simulacrum (Zig:24)
  A death drake (Zig:20)
  2 deep elf archers
  3 deep elf zephyrmancers
  A harpy (Zig:22)
  5 fauns (Zig:22)
  2 manticores
  A moth of wrath (Zot:4)
  A guardian serpent (Snake:3)
  2 water nymphs (Zig:22)
  An orange demon (Hell)
  A titan simulacrum (Coc:7)
  3 rime drakes
  A tormentor (Zig:22)
  A queen bee (shapeshifter) (Zig:24)
  A hellwing (Pan)
  A wind drake (Zig:22)
  11 merfolk (Zig:22)
  An iron dragon simulacrum (Zig:26)
  2 blink frogs (Zig:20)
  A snapping turtle (Shoals:4)
  8 water elementals
  A wyvern (Zig:11)
  A fire elemental (Elf:3)
  A chaos spawn (Pan)
  A harpy simulacrum (Coc:6)
  3 water moccasins
  2 orc warriors
  An ettin simulacrum (Coc:7)
  A boggart (D:14)
  A centaur (Zig:21)
  2 electric eels (Snake:3)
  A starcursed mass (Zig:10)
  An orc wizard (Zig:26)
  An orc (Vaults:5)
  3 ball lightnings (Pan)
  8 creeping infernos
  139 fire vortices
  11 foxfires
  A lurking horror (Abyss:3)
  22 starspawn tentacles
294 creatures vanquished.

Grand Total: 8912 creatures vanquished

Notes
Turn   | Place    | Note
-------+----------+-------------------------------------------
     0 | D:1      | Speno2 the Demonspawn Gladiator began the quest for the
                  | Orb.
     0 | D:1      | Reached XP level 1. HP: 16/16 MP: 1/1
   130 | D:1      | Gained mutation: You are partially covered in thin metallic
                  | scales. (AC +2) [demonic ancestry]
   130 | D:1      | Reached XP level 2. HP: 22/22 MP: 2/2
   632 | D:2      | Reached skill level 1 in Armour
   632 | D:2      | Reached XP level 3. HP: 17/28 MP: 3/3
  1304 | D:3      | Gained mutation: A meltable shield of frost defends you.
                  | (SH +4) [demonic ancestry]
  1304 | D:3      | Reached XP level 4. HP: 35/35 MP: 4/4
  1321 | D:3      | Found a runed translucent door.
  1322 | D:3      | Noticed Crazy Yiuf
  1521 | D:3      | Noticed Ijyb
  1530 | D:3      | Killed Ijyb
  1531 | D:3      | Reached XP level 5. HP: 27/41 MP: 5/5
  1834 | D:3      | Found a faded altar of an unknown god.
  1888 | D:4      | Noticed a lemure
  1900 | D:4      | Killed a lemure
  1919 | D:4      | Found a glowing drain.
  2060 | Sewer    | Entered a sewer
  2434 | D:4      | Reached skill level 1 in Unarmed Combat
  2659 | D:4      | Noticed Pikel
  2676 | D:4      | Noticed a lemure
  2677 | D:4      | Noticed a lemure
  2679 | D:4      | Noticed a lemure
  2796 | D:4      | Noticed Menkaure
  2852 | D:5      | Entered Level 5 of the Dungeon
  2876 | D:5      | Reached XP level 6. HP: 48/48 MP: 6/6
  3225 | D:5      | Found a broken altar of Ashenzari.
  3225 | D:5      | Found a sacrificial altar of Ru.
  3338 | D:5      | Gained mutation: You regenerate a little health from kills.
                  | [demonic ancestry]
  3338 | D:5      | Reached XP level 7. HP: 54/54 MP: 7/7
  3675 | D:4      | Found a staircase to the Ecumenical Temple.
  3710 | Temple   | Entered the Ecumenical Temple
  3789 | D:4      | Killed Pikel
  3790 | D:4      | Reached skill level 5 in Unarmed Combat
  3790 | D:4      | Reached XP level 8. HP: 33/60 MP: 8/8
  4287 | D:4      | Killed Menkaure
  4449 | D:6      | Noticed Grinder
  4454 | D:6      | Paralysed by Grinder for 2 turns
  4462 | D:6      | Paralysed by Grinder for 4 turns
  4469 | D:6      | Paralysed by Grinder for 2 turns
  4483 | D:6      | Killed Grinder
  4484 | D:6      | Reached skill level 5 in Fighting
  4768 | D:6      | Found Adidekab's Mail-Order Catalogue.
  4922 | D:6      | Found an ancient bone altar of Kikubaaqudgha.
  4985 | D:6      | Found a bloodstained altar of Trog.
  5187 | D:6      | Noticed Maggie
  5219 | D:6      | Killed Maggie
  5356 | D:6      | Found an iron altar of Okawaru.
  5387 | D:6      | Noticed an angel
  5405 | D:6      | Became a worshipper of Warmaster Okawaru
  5952 | D:6      | Gained mutation: You have sharp fingernails. [demonic
                  | ancestry]
  5952 | D:6      | Reached XP level 9. HP: 58/68 MP: 9/9
  6177 | D:6      | Bought a +3 scale mail of poison resistance for 253 gold
                  | pieces
  6432 | D:7      | Found a shadowy altar of Dithmenos.
  6552 | D:8      | Reached * piety under Okawaru
  6629 | D:8      | Reached skill level 5 in Armour
  6910 | D:8      | Found a blossoming altar of Fedhas.
  7006 | D:8      | Reached skill level 1 in Invocations
  7136 | D:8      | Found Iveenn's Book Shop.
  7364 | D:9      | Noticed a troll
  7412 | D:9      | Noticed a queen bee
  7508 | D:9      | Killed a queen bee
  7512 | D:9      | Reached ** piety under Okawaru
  7625 | D:9      | Found a staircase to the Lair.
  7626 | D:9      | Found a runed translucent door.
  7629 | D:9      | Found a burning altar of Makhleb.
  7629 | D:9      | Noticed a sixfirhy
  7684 | D:9      | Noticed a troll
  7701 | D:9      | Killed a troll
  7727 | D:9      | Noticed a cyclops
  7793 | D:9      | Killed a troll
  7794 | D:9      | Gained mutation: You regenerate health from kills. [demonic
                  | ancestry]
  7794 | D:9      | Reached XP level 10. HP: 65/76 MP: 11/13
  7901 | Lair:1   | Entered Level 1 of the Lair of Beasts
  7926 | Lair:1   | Reached skill level 5 in Invocations
  7974 | Lair:1   | Reached skill level 10 in Unarmed Combat
  8037 | Lair:1   | Noticed a cane toad
  8049 | Lair:1   | Noticed a cane toad
  8069 | D:9      | Killed a cane toad
  8138 | D:9      | Noticed a cyclops
  8149 | D:9      | Killed a cyclops
  8149 | D:9      | Reached *** piety under Okawaru
  8179 | D:9      | Noticed a catoblepas
  8188 | D:9      | Killed a catoblepas
  8290 | D:9      | Found a sparkling altar of Nemelex Xobeh.
  8503 | D:9      | Killed a cyclops
  8609 | D:9      | Gained mutation: You are mostly covered in thin metallic
                  | scales. (AC +3) [demonic ancestry]
  8609 | D:9      | Reached XP level 11. HP: 80/84 MP: 17/17
  9301 | D:10     | Entered Level 10 of the Dungeon
  9390 | D:10     | Reached **** piety under Okawaru
  9631 | D:10     | Found a staircase to the Orcish Mines.
 10479 | D:11     | Noticed a boulder beetle
 10495 | D:11     | Killed a boulder beetle
 10670 | Lair:1   | Noticed a seven-headed hydra
 10757 | Lair:2   | Noticed a death yak
 10782 | Lair:2   | Found a dark tunnel.
 10789 | Volcano  | Entered a volcano
 10819 | Volcano  | Noticed a stone giant
 10850 | Volcano  | Killed a stone giant
 10869 | Volcano  | Identified the +0 helmet of the Old World {Fly rElec rF+
                  | Dex+3}
 10946 | Volcano  | Reached ***** piety under Okawaru
 11344 | Lair:2   | Killed a death yak
 11344 | Lair:2   | Received a gift from Okawaru
 11345 | Lair:2   | Reached XP level 12. HP: 91/91 MP: 18/18
 11767 | Lair:2   | Gained mutation: You have sharp toenails. [potion of
                  | mutation]
 12055 | Lair:2   | Received a gift from Okawaru
 12551 | Lair:3   | Noticed a six-headed hydra
 12651 | Lair:3   | Noticed a four-headed hydra
 12663 | Lair:3   | Killed a four-headed hydra
 12670 | Lair:3   | Received a gift from Okawaru
 12705 | Lair:3   | Found a staircase to the Shoals.
 12723 | Lair:3   | Identified 2 scrolls of acquirement
 12754 | Lair:3   | Killed a six-headed hydra
 12839 | Lair:3   | Reached skill level 10 in Armour
 12931 | Lair:3   | Found a staircase to the Snake Pit.
 13433 | Lair:3   | Identified the +1 robe of the First Dances {rF+ Will+
                  | Dex-2}
 13581 | Lair:3   | Gained mutation: You have very sharp fingernails. [demonic
                  | ancestry]
 13581 | Lair:3   | Reached XP level 13. HP: 85/101 MP: 19/19
 13699 | Lair:4   | Noticed Snorg
 13699 | Lair:4   | Found a viscous altar of Jiyva.
 13699 | Lair:4   | Found a staircase to the Slime Pits.
 13707 | Lair:3   | Reached skill level 10 in Fighting
 13783 | Lair:4   | Received a gift from Okawaru
 13879 | Lair:4   | Killed Snorg
 14030 | Lair:4   | Noticed Urug
 14043 | Lair:4   | Killed Urug
 14350 | Lair:5   | Identified the "Igal Gaev"
 14350 | Shoals:4 | Identified the "Fowah"
 14350 | Desolati | Identified the "Usamokuk"
 14350 | Vaults:5 | Identified the "Vubohove"
 14350 | Vaults:5 | Identified the "Zexzugen"
 14350 | Crypt:1  | Identified the of Ehateacowut
 14350 | Crypt:2  | Identified the "Omavyl"
 14350 | Elf:3    | Identified the "Lolasouv"
 14350 | Elf:3    | Identified the "Dykith"
 14350 | Slime:1  | Entered Level 1 of the Pits of Slime
 14364 | Lair:5   | Entered Level 5 of the Lair of Beasts
 14416 | Lair:5   | Reached skill level 15 in Unarmed Combat
 14506 | Lair:5   | Reached ****** piety under Okawaru
 14552 | Lair:4   | Reached skill level 5 in Dodging
 14590 | Lair:4   | Acquired the ring of Kikubaaqudgha's Pride {rPois Will++
                  | rCorr Int-2 Dex+6}
 14597 | Lair:4   | Acquired a manual of Unarmed Combat
 14759 | Lair:5   | Received a gift from Okawaru
 14806 | Lair:5   | Identified the ring "Jiuh" {Wiz rF+}
 15260 | Lair:5   | Reached XP level 14. HP: 108/113 MP: 20/20
 15469 | Lair:5   | Received a gift from Okawaru
 16518 | Orc:1    | Entered Level 1 of the Orcish Mines
 16729 | D:11     | Received a gift from Okawaru
 17082 | D:12     | Found a runed translucent gate.
 17082 | D:12     | Found a runed translucent gate.
 17082 | D:12     | Found a runed translucent gate.
 17859 | D:12     | Found a runed translucent gate.
 17859 | D:12     | Found a runed translucent gate.
 17864 | D:12     | Noticed Nuylu's ghost (journeyman AtSh)
 17865 | D:12     | Found a runed translucent gate.
 18162 | D:13     | Found a gate to the Vaults.
 18167 | D:13     | Received a gift from Okawaru
 18737 | D:13     | Gained mutation: You regenerate a lot of health from kills.
                  | [demonic ancestry]
 18737 | D:13     | Reached XP level 15. HP: 118/118 MP: 21/21
 18868 | D:14     | Received a gift from Okawaru
 19414 | D:14     | Found a runed translucent door.
 19470 | D:14     | Noticed Shifty's ghost (journeyman DjFE)
 19535 | D:14     | Killed Shifty's ghost
 19560 | D:15     | Entered Level 15 of the Dungeon
 19683 | D:15     | Noticed Nessos
 19698 | D:15     | Found a staircase to the Depths.
 19808 | D:15     | Received a gift from Okawaru
 19989 | D:15     | Found a sacrificial altar of Ru.
 20001 | D:15     | Acquired the +10 crystal plate armour of Okawaru's Scorn
                  | {Dex+3}
 20001 | D:15     | Received a gift from Okawaru
 20165 | D:15     | Killed Nessos
 20852 | Orc:2    | Entered Level 2 of the Orcish Mines
 20852 | Orc:2    | Found a staircase to the Elven Halls.
 20863 | Orc:2    | Reached skill level 10 in Invocations
 21301 | Orc:2    | Received a gift from Okawaru
 21313 | Orc:2    | Found Taweudaa's Magic Scroll Shop.
 21313 | Orc:2    | Found Petusuc's Book Emporium.
 21323 | Orc:2    | Found Lejounil's Weapon Shop.
 21323 | Orc:2    | Found Sonaduro's General Store.
 21615 | Orc:1    | Found a runed translucent gate.
 21615 | Orc:1    | Found a runed translucent gate.
 21616 | Orc:1    | Found a runed translucent gate.
 21622 | Orc:1    | Noticed Agremn's ghost (journeyman MiFi)
 21758 | Orc:1    | Killed Agremn's ghost
 21788 | Orc:1    | Acquired a manual of Spellcasting
 21954 | Snake:1  | Entered Level 1 of the Snake Pit
 22046 | Snake:1  | Reached skill level 15 in Armour
 22499 | Snake:1  | Received a gift from Okawaru
 23126 | Snake:1  | Gained mutation: You have claws for hands. [demonic
                  | ancestry]
 23126 | Snake:1  | Reached XP level 16. HP: 127/127 MP: 23/23
 23363 | Snake:1  | Upgraded the game from 0.31-a0-963-ga325b22 to
                  | 0.31-a0-967-g7f5505f
 23377 | Snake:2  | Upgraded the game from 0.31-a0-967-g7f5505f to
                  | 0.31-a0-968-g24f9ace
 23477 | Snake:2  | Found Neewnuxy's Distillery.
 23485 | Snake:2  | Bought a potion of cancellation for 152 gold pieces
 23485 | Snake:2  | Bought a potion of cancellation for 152 gold pieces
 23485 | Snake:2  | Bought a potion of curing for 57 gold pieces
 23485 | Snake:2  | Bought a potion of resistance for 190 gold pieces
 23485 | Snake:2  | Lost mutation: You have sharp toenails. [potion of
                  | mutation]
 23485 | Snake:2  | Gained mutation: Your body sometimes deteriorates upon
                  | taking damage. [potion of mutation]
 23485 | Snake:2  | Gained mutation: You are vulnerable to heat. (rF-) [potion
                  | of mutation]
 23485 | Snake:2  | Gained mutation: Your muscles are strong. (Str +4, Int/Dex
                  | -1) [potion of mutation]
 23486 | Snake:2  | Lost mutation: You are vulnerable to heat. (rF-) [potion of
                  | mutation]
 23486 | Snake:2  | Lost mutation: Your muscles are strong. (Str +4, Int/Dex
                  | -1) [potion of mutation]
 23486 | Snake:2  | Lost mutation: Your body sometimes deteriorates upon taking
                  | damage. [potion of mutation]
 23486 | Snake:2  | Gained mutation: You are frail. (-10% HP) [potion of
                  | mutation]
 23486 | Snake:2  | Gained mutation: You have sharp toenails. [potion of
                  | mutation]
 23486 | Snake:2  | Gained mutation: You occasionally shout uncontrollably at
                  | your foes. [potion of mutation]
 23486 | Snake:2  | Gained mutation: You have hidden genetic potential. [potion
                  | of mutation]
 23487 | Snake:2  | Lost mutation: You are frail. (-10% HP) [potion of
                  | mutation]
 23487 | Snake:2  | Lost mutation: You occasionally shout uncontrollably at
                  | your foes. [potion of mutation]
 23487 | Snake:2  | Gained mutation: Your spells are a little easier to cast,
                  | but a little less powerful. [potion of mutation]
 23487 | Snake:2  | Gained mutation: Your muscles are strong. (Str +4, Int/Dex
                  | -1) [potion of mutation]
 23488 | Snake:2  | Bought a potion of might for 76 gold pieces
 23549 | Snake:2  | You are sucked into a shaft and drop 1 floor!
 23764 | Snake:3  | Noticed Azrael
 23789 | Snake:3  | Killed Azrael
 23815 | Snake:3  | Noticed Roxanne
 23821 | Snake:3  | Received a gift from Okawaru
 24113 | Snake:2  | Noticed aurelian's ghost (adept HORe)
 24114 | Snake:2  | Found a transporter.
 24120 | Snake:2  | Found a transporter.
 24137 | Arena    | Entered the Arena
 25197 | Snake:3  | Found Kiunarin's Weapon Shop.
 25207 | Snake:3  | Found Iforphui's Book Shop.
 25225 | Snake:3  | Received a gift from Okawaru
 25561 | Snake:4  | Entered Level 4 of the Snake Pit
 25573 | Snake:4  | Found Feddo's Antique Armour Shop.
 25754 | Snake:4  | Received a gift from Okawaru
 26254 | Snake:4  | Gained mutation: You are completely covered in thin
                  | metallic scales. (AC +4, rElec) [demonic ancestry]
 26254 | Snake:4  | Reached XP level 17. HP: 121/133 MP: 15/24
 26300 | Snake:4  | Gained mutation: You have great hidden genetic potential.
                  | [hidden potential]
 26334 | Snake:4  | Received a gift from Okawaru
 26388 | Arena    | Entered the Arena
 26522 | Snake:4  | Got a serpentine rune of Zot
 26711 | Snake:3  | Killed Roxanne
 26830 | Shoals:1 | Entered Level 1 of the Shoals
 27626 | Shoals:2 | Received a gift from Okawaru
 27846 | Shoals:2 | Received a gift from Okawaru
 28745 | Shoals:3 | Received a gift from Okawaru
 29298 | Shoals:4 | Entered Level 4 of the Shoals
 29299 | Shoals:4 | Found a frozen archway.
 29307 | Shoals:4 | Identified the serpent talisman of Sophism {rC++ Int+4
                  | Slay-6}
 29307 | Shoals:4 | Noticed Aizul
 29308 | IceCv    | Entered an ice cave
 29358 | IceCv    | Identified the +0 ice dragon scales "Ziped" {-Tele rF- rC++
                  | rN+ rCorr Dex+3}
 29386 | IceCv    | Reached XP level 18. HP: 145/145 MP: 26/26
 29552 | IceCv    | Gained mutation: Your muscles are very strong. (Str +8,
                  | Int/Dex -2) [hidden potential]
 29552 | IceCv    | Lost mutation: You have great hidden genetic potential.
                  | [hidden potential expressed]
 29926 | Shoals:4 | Noticed Mlioglotl
 29929 | Arena    | Entered the Arena
 29937 | Arena    | Killed Aizul
 29955 | Shoals:4 | Noticed Ilsuiw
 29956 | Shoals:4 | Killed Mlioglotl
 29956 | Shoals:4 | Received a gift from Okawaru
 30200 | Shoals:4 | Noticed Nikola
 30228 | Shoals:4 | Identified the +2 demon blade "Haseceko" {venom, *Rage
                  | rN+++ Str-5 Stlth+}
 30463 | Shoals:4 | Killed Nikola
 30492 | Shoals:4 | Received a gift from Okawaru
 30643 | Shoals:4 | Found Lerid's Weapon Shop.
 30806 | Shoals:4 | Killed Ilsuiw
 30912 | Shoals:4 | Found the dreamshard necklace {Acrobat *Dream}
 31197 | Shoals:4 | Got a barnacled rune of Zot
 31516 | Vaults:1 | Entered Level 1 of the Vaults
 31638 | Vaults:1 | Identified the amulet of Adghisuhe {RegenMP rPois rF+
                  | Int+3}
 31788 | Vaults:1 | Reached skill level 15 in Fighting
 31802 | Vaults:1 | Received a gift from Okawaru
 32221 | Depths:1 | Entered Level 1 of the Depths
 32369 | Elf:1    | Entered Level 1 of the Elven Halls
 32480 | Elf:1    | Paralysed by an air elemental for 1 turns
 32599 | Elf:1    | Reached skill level 10 in Dodging
 32605 | Abyss:3  | Cast into level 3 of the Abyss (a deep elf sorcerer)
 32987 | Abyss:3  | Received a gift from Okawaru
 33028 | Elf:1    | Escaped the Abyss
 33034 | Elf:1    | Reached XP level 19. HP: 157/157 MP: 27/27
 33269 | Elf:1    | Found Ilupsih's Weapon Shoppe.
 33342 | Elf:1    | Gained mutation: You are robust. (+10% HP) [hidden
                  | potential]
 33449 | Elf:1    | Found a radiant altar of Vehumet.
 33714 | Elf:2    | Received a gift from Okawaru
 33812 | Elf:2    | Identified the +2 ring mail of Gehenna {SInv}
 33826 | Elf:2    | Found a runed translucent gate.
 33827 | Elf:2    | Found a runed translucent gate.
 33827 | Elf:2    | Found a runed translucent gate.
 34084 | Elf:2    | Found Wif Forch's Book Shop.
 34087 | Elf:2    | Found Ohuvea Helo's Jewellery Emporium.
 34088 | Elf:2    | Found Qioruuw's Book Shop.
 34627 | Vaults:1 | Received a gift from Okawaru
 35096 | Vaults:1 | Reached skill level 1 in Shapeshifting
 35564 | Vaults:2 | Received a gift from Okawaru
 35631 | Vaults:2 | Noticed Zenata
 35661 | Arena    | Entered the Arena
 35716 | Vaults:2 | Reached skill level 5 in Shapeshifting
 35719 | Vaults:2 | Reached XP level 20. HP: 169/169 MP: 21/29
 35737 | Vaults:2 | Killed Zenata
 35767 | Vaults:2 | Received a gift from Okawaru
 35787 | Vaults:2 | Gained mutation: You expend magic power (3 MP) to
                  | strengthen your wands. [hidden potential]
 35787 | Vaults:2 | Lost mutation: You have hidden genetic potential. [hidden
                  | potential expressed]
 36680 | Vaults:3 | Noticed Boris
 36810 | Vaults:3 | Killed Boris
 37065 | Vaults:3 | Found Qarruacs's Magic Scroll Shop.
 37068 | Vaults:3 | Bought a scroll of fear for 88 gold pieces
 37136 | Vaults:3 | Acquired the ring "Fept" {Will+ EV+5}
 37258 | Vaults:3 | Received a gift from Okawaru
 37456 | Vaults:3 | Found a portal to a secret trove of treasure.
 37620 | Vaults:3 | Found a staircase to the Crypt.
 37620 | Vaults:3 | Found an ancient bone altar of Kikubaaqudgha.
 37620 | Vaults:3 | Found a basalt altar of Yredelemnul.
 37775 | Crypt:1  | Entered Level 1 of the Crypt
 37916 | Vaults:4 | Found a crumbling gateway.
 37923 | Vaults:4 | Identified the +3 ring mail "Tacetik" {-Cast *Slow rC+++
                  | rN+}
 37927 | Desolati | Entered the Desolation of Salt
 37997 | Desolati | Reached skill level 10 in Shapeshifting
 38002 | Desolati | Identified the +8 rapier of Peace {freeze, +Blink Dex+5}
 38003 | Desolati | Received a gift from Okawaru
 38208 | Desolati | Identified the amulet "Hefyqu" {RegenMP Rampage Int+4 SInv}
 38209 | Desolati | Identified the staff "Beofipn" {rPois Int+2 Poison}
 38210 | Desolati | Identified the +1 spear "Egroo" {pain, +Blink rPois rC-
                  | Str+3}
 38219 | Desolati | Identified the ring "Gell" {Fire +Blink Will- Dex+4}
 38512 | Desolati | Reached XP level 21. HP: 115/191 MP: 30/30
 38521 | Desolati | Identified the +8 mace "Syfic" {protect, rC+ SInv}
 38526 | Desolati | Identified the +6 short sword of the Tundras {spect, rF+
                  | MP+9}
 39192 | Vaults:4 | Received a gift from Okawaru
 39294 | Vaults:4 | Identified the +0 chain mail of Insatiable Hunger {rPois
                  | rC- Str+6}
 40254 | Depths:1 | Received a gift from Okawaru
 40273 | Depths:1 | Noticed Bai Suzhen
 40421 | Depths:1 | Killed Bai Suzhen
 40521 | Depths:1 | Found a one-way gate leading to the halls of Pandemonium.
 40750 | Depths:1 | Found a gateway to Hell.
 41002 | Depths:2 | Received a gift from Okawaru
 41007 | Depths:2 | Noticed a juggernaut
 41025 | Depths:2 | Killed a juggernaut
 41089 | Depths:2 | Noticed a caustic shrike
 41103 | Depths:2 | Killed a caustic shrike
 41126 | Depths:2 | Received a gift from Okawaru
 41169 | Depths:2 | Gained mutation: A meltable icy envelope protects you from
                  | harm. (AC +8) [demonic ancestry]
 41169 | Depths:2 | Reached XP level 22. HP: 196/202 MP: 26/31
 41451 | Depths:2 | Identified the staff "Kenuckue" {rElec rC++ Str+3 Dex-3 Ice
                  | Air}
 41542 | Depths:2 | Reached skill level 15 in Shapeshifting
 41740 | Depths:2 | Received a gift from Okawaru
 42365 | Depths:3 | Noticed a golden dragon
 42383 | Depths:3 | Killed a golden dragon
 42388 | Depths:3 | Noticed a golden dragon
 42405 | Depths:3 | Killed a golden dragon
 42448 | Depths:3 | Received a gift from Okawaru
 42667 | Depths:3 | Identified the +8 scale mail of Mumblety Peg {+Blink rPois
                  | MP-9}
 42667 | Depths:3 | Identified the ring of Rades {*Slow rF+ Str+2 Dex+5 SInv}
 42667 | Depths:3 | Identified the ring of Sovereignty {Fly AC+4 Dex+4}
 42830 | Depths:3 | Found a one-way gate to the infinite horrors of the Abyss.
 43301 | Depths:3 | Noticed a juggernaut
 43302 | Depths:3 | Found a bloodstained altar of Trog.
 43302 | Depths:3 | Found a transporter.
 43302 | Depths:3 | Noticed Loet's ghost (adept TrGl)
 43322 | Depths:3 | Found a transporter.
 43332 | Depths:3 | Noticed a golden dragon
 43344 | Depths:3 | Killed a golden dragon
 43624 | Depths:4 | Entered Level 4 of the Depths
 43650 | Depths:4 | Noticed Xtahua
 43660 | Depths:4 | Paralysed by Xtahua for 2 turns
 43666 | Depths:4 | Killed Xtahua
 43666 | Depths:4 | Received a gift from Okawaru
 43806 | Depths:4 | Found a one-way gateway to a ziggurat.
 44147 | Depths:4 | Noticed Parghit
 44159 | Depths:4 | Killed Parghit
 44210 | Depths:4 | Noticed an ancient lich
 44217 | Depths:4 | Killed an ancient lich
 44401 | Depths:4 | Identified the +0 leather armour "Saqypeip" {rElec Will+++
                  | Str-3 Dex+3 Stlth-}
 44444 | Depths:4 | Noticed a golden dragon
 44457 | Depths:4 | Killed a golden dragon
 44745 | Depths:4 | Received a gift from Okawaru
 44773 | Depths:4 | Found a gate to the Realm of Zot.
 45232 | Vaults:5 | Entered Level 5 of the Vaults
 45248 | Vaults:5 | Gained mutation: A meltable icy envelope protects you from
                  | harm. (AC +8) [demonic ancestry]
 45248 | Vaults:5 | Reached XP level 23. HP: 209/209 MP: 32/32
 45280 | Vaults:5 | Noticed an ancient lich
 45297 | Vaults:5 | Killed an ancient lich
 45312 | Arena    | Entered the Arena
 45334 | Vaults:5 | Received a gift from Okawaru
 45442 | Vaults:5 | Received a gift from Okawaru
 45604 | Vaults:5 | Identified the ring "Renox" {Fly rC+ MP+9 Str+4}
 45613 | Vaults:5 | Received a gift from Okawaru
 45860 | Vaults:5 | Got a silver rune of Zot
 46010 | Vaults:5 | Noticed an ancient lich
 46020 | Vaults:5 | Killed an ancient lich
 46230 | Vaults:5 | Identified the +6 ring mail of Recklessness {+Inv rN+ Will-
                  | Regen+}
 46472 | Vaults:5 | Identified the ring "Opocikk" {rPois Will+ Int+6}
 46498 | Vaults:5 | Identified the staff of Cyngulaerux {rPois Will+ Int+3
                  | Poison}
 47024 | Slime:1  | Paralysed by a formless jellyfish for 1 turns
 47029 | Slime:1  | Received a gift from Okawaru
 47039 | Slime:1  | Paralysed by a formless jellyfish for 1 turns
 47053 | Slime:1  | Paralysed by a formless jellyfish for 1 turns
 47671 | Slime:5  | Identified the "Uco Kese"
 47671 | Slime:5  | Identified the of Posul
 47671 | Slime:5  | Identified the "Ytzim"
 47671 | Slime:5  | Entered Level 5 of the Pits of Slime
 47725 | Slime:5  | Reached XP level 24. HP: 220/221 MP: 32/32
 47738 | Slime:5  | Noticed the Royal Jelly
 47747 | Slime:5  | Killed the Royal Jelly
 48024 | Slime:5  | Identified the +0 leather armour "Qibug" {Str+4 Int-3 Dex+3
                  | Slay+4}
 48030 | Slime:5  | Got a slimy rune of Zot
 48050 | Slime:5  | Identified the amulet of Laaceyt {RegenMP Will++}
 48069 | Slime:5  | Identified the ring "Finwirch" {rF+ Dex+2 SInv Stlth+}
 48101 | Slime:5  | Lost mutation: You are robust. (+10% HP) [a shining eye]
 48105 | Slime:5  | Received a gift from Okawaru
 48399 | Slime:5  | Found the +5 moon troll leather armour {Spirit, Regen++
                  | MP+5}
 48426 | Slime:5  | Identified the +1 flail "Acackesh" {speed, Drain rF+ rCorr}
 49406 | Elf:3    | Entered Level 3 of the Elven Halls
 49406 | Elf:3    | Noticed Asterion
 49414 | Elf:3    | Killed Asterion
 49625 | Elf:3    | Noticed Unit's ghost (adept DsVM)
 49715 | Elf:3    | Found a runed translucent door.
 49745 | Elf:3    | Acquired a manual of Spellcasting
 50076 | Elf:3    | Identified the +2 demon trident of Kismet {vamp, rN+ Str+4}
 50095 | Elf:3    | Received a gift from Okawaru
 50189 | Elf:3    | Identified the +1 morningstar of Valour {freeze, rPois}
 50199 | Elf:3    | Identified the +6 hand axe of Malaise {freeze, rF+ Dex+6}
 50285 | Elf:3    | Identified the +2 leather armour of the Echidna {rElec
                  | Str+9 Int-2}
 50318 | Elf:3    | Found the +3 pair of gauntlets of War {Slay+5}
 50331 | Elf:3    | Identified the +8 trident of Agony {antimagic, Will+ Int+3}
 50333 | Elf:3    | Identified the +0 ring mail "Mots" {rPois Int+3}
 50517 | Elf:3    | Killed Unit's ghost
 51070 | Zot:1    | Entered Level 1 of the Realm of Zot
 51242 | Zot:1    | Received a gift from Okawaru
 51419 | Zot:1    | Found a transporter.
 51446 | Zot:1    | Noticed a Killer Klown
 51449 | Zot:1    | Noticed a Killer Klown
 51488 | Zot:1    | Killed a Killer Klown
 51515 | Zot:1    | Killed a Killer Klown
 51784 | Zot:1    | Received a gift from Okawaru
 51791 | Zot:1    | Gained mutation: Your magical and physical power is
                  | slightly enhanced at high health. [demonic ancestry]
 51791 | Zot:1    | Reached XP level 25. HP: 92/214 MP: 26/32
 52011 | Zot:1    | Found a transporter.
 52011 | Zot:1    | Found the +0 mask of the Dragon {Will+ Slay+3 SInv}
 52672 | Zot:2    | Noticed Vv
 52682 | Zot:2    | Killed Vv
 52728 | Zot:2    | Identified the ring of the Endless Expanse {Ice rCorr
                  | Str+3}
 52728 | Zot:2    | Noticed Josephina
 52732 | Zot:2    | Killed Josephina
 52806 | Zot:2    | Received a gift from Okawaru
 53890 | Zot:3    | Identified the ring of Pischuf {Will++ EV+5 Str+4}
 54038 | Zot:3    | Received a gift from Okawaru
 54764 | Zot:4    | Received a gift from Okawaru
 54780 | Zot:4    | Identified the +5 chain mail of Space {rF+ rN+ Will++ MP-9}
 54847 | Zot:4    | Found Aruesett's Changing Room.
 54986 | Zot:4    | Gained mutation: Your magical and physical power is
                  | enhanced at high health. [demonic ancestry]
 54986 | Zot:4    | Reached XP level 26. HP: 127/222 MP: 3/32
 55302 | Zot:4    | Noticed an orb of fire
 55469 | Zot:4    | Received a gift from Okawaru
 56062 | Crypt:1  | Found a huge runed gate.
 56063 | Crypt:1  | Found a huge runed gate.
 56063 | Crypt:1  | Found a huge runed gate.
 56064 | Crypt:1  | Found a huge runed gate.
 56075 | Crypt:1  | Found a huge runed gate.
 56075 | Crypt:1  | Found a huge runed gate.
 56075 | Crypt:1  | Found a huge runed gate.
 56077 | Crypt:1  | Found a huge runed gate.
 56077 | Crypt:1  | Found a huge runed gate.
 56077 | Crypt:1  | Found a huge runed gate.
 56078 | Crypt:1  | Found a huge runed gate.
 56078 | Crypt:1  | Found a huge runed gate.
 56081 | Crypt:1  | Found a huge runed gate.
 56081 | Crypt:1  | Found a huge runed gate.
 56081 | Crypt:1  | Found a huge runed gate.
 56081 | Crypt:1  | Found a huge runed gate.
 56081 | Crypt:1  | Found a huge runed gate.
 56082 | Crypt:1  | Found a huge runed gate.
 56083 | Crypt:1  | Found a huge runed gate.
 56109 | Crypt:1  | Found a huge runed gate.
 56109 | Crypt:1  | Found a huge runed gate.
 56109 | Crypt:1  | Found a huge runed gate.
 56109 | Crypt:1  | Found a huge runed gate.
 56109 | Crypt:1  | Found a huge runed gate.
 56109 | Crypt:1  | Found a huge runed gate.
 56110 | Crypt:1  | Found a huge runed gate.
 56113 | Crypt:1  | Found a huge runed gate.
 56115 | Crypt:1  | Found a huge runed gate.
 56191 | Crypt:1  | Noticed Zoalos's ghost (veteran GrEE)
 56191 | Crypt:1  | Noticed Kucw's ghost (adept GrFi)
 56191 | Crypt:1  | Noticed Vailuoroe's ghost (veteran GrEE)
 56191 | Crypt:1  | Noticed Esecs's ghost (veteran GrEE)
 56191 | Crypt:1  | Noticed Fainec's ghost (veteran GrEE)
 56191 | Crypt:1  | Noticed Roocroe's ghost (veteran MiGl)
 56191 | Crypt:1  | Noticed Zoalos's ghost (veteran GrEE)
 56200 | Crypt:1  | Killed Zoalos's ghost
 56206 | Crypt:1  | Killed Fainec's ghost
 56225 | Crypt:1  | Killed Roocroe's ghost
 56263 | Crypt:1  | Killed Esecs's ghost
 56264 | Crypt:1  | Killed Vailuoroe's ghost
 56268 | Crypt:1  | Killed Zoalos's ghost
 56280 | Crypt:1  | Killed Kucw's ghost
 56330 | Crypt:1  | Identified the ring "Agaergho" {rElec rPois Str+4 Slay-5}
 56334 | Crypt:1  | Identified the +0 pair of boots of the Bedazzled God
                  | {Rampage}
 56649 | Crypt:1  | Noticed a royal mummy
 56673 | Crypt:1  | Killed a royal mummy
 56691 | Crypt:1  | Noticed Khufu
 56694 | Crypt:1  | Noticed a royal mummy
 56698 | Crypt:1  | Killed Khufu
 56698 | Crypt:1  | Received a gift from Okawaru
 56702 | Crypt:1  | Killed a royal mummy
 57352 | Crypt:2  | Received a gift from Okawaru
 57353 | Crypt:2  | Reached skill level 1 in Spellcasting
 57356 | Crypt:2  | Identified the +12 flail "Suseodot" {freeze, rF+ rC+ SInv}
 57543 | Vaults:3 | You paid a toll of +3 shadow dragon scales to enter a
                  | treasure trove
 57544 | Trove    | Entered a treasure trove
 57550 | Trove    | Identified the +6 storm dragon scales of the Evening Star
                  | {rElec Str-2 Int+8}
 57894 | Tomb:3   | Identified the "Hionlot"
 57894 | Tomb:3   | Identified the "Masiel"
 57894 | Tar:7    | Identified the "Hol Lixo"
 57894 | Coc:7    | Identified the of Ijedomum
 57894 | Geh:7    | Identified the "Kaenny"
 57894 | Zig:1    | Entered Level 1 of a ziggurat
 57894 | Zig:1    | Noticed a royal mummy
 57898 | Zig:1    | Killed a royal mummy
 57908 | Zig:2    | Entered Level 2 of a ziggurat
 57929 | Zig:3    | Entered Level 3 of a ziggurat
 57955 | Zig:4    | Entered Level 4 of a ziggurat
 58003 | Zig:5    | Entered Level 5 of a ziggurat
 58030 | Zig:5    | Identified the blade talisman "Leideovi" {rN+++ Str+3 Dex-2
                  | Stlth+}
 58041 | Zig:5    | Identified the +7 orcbow "Xoafisean" {freeze, rCorr Stlth+}
 58046 | Zig:6    | Entered Level 6 of a ziggurat
 58055 | Zig:6    | Reached skill level 5 in Spellcasting
 58073 | Zig:6    | Identified the +0 scimitar "Guxea" {drain, MP+9 Int+4}
 58108 | Zig:6    | Gained mutation: Your magical and physical power is greatly
                  | enhanced at high health. [demonic ancestry]
 58108 | Zig:6    | Reached XP level 27. HP: 228/228 MP: 32/34
 58143 | Zig:7    | Identified the "Meepuheit"
 58143 | Zig:7    | Entered Level 7 of a ziggurat
 58146 | Zig:7    | Noticed a royal mummy
 58147 | Zig:7    | Found the +8 mithril axe "Arga" {speed, Will+}
 58154 | Zig:7    | Found the +8 Vampire's Tooth {megavamp}
 58160 | Zig:7    | Killed a royal mummy
 58190 | Zig:7    | Identified the staff of Exquisite Torment {rElec rC+ Int+4
                  | Air}
 58246 | Zig:8    | Entered Level 8 of a ziggurat
 58250 | Zig:8    | Noticed Woryno the pandemonium lord
 58282 | Zig:8    | Killed Woryno the pandemonium lord
 58351 | Zig:9    | Entered Level 9 of a ziggurat
 58366 | Zig:9    | Received a gift from Okawaru
 58373 | Zig:9    | Reached skill level 10 in Spellcasting
 58421 | Zig:9    | Found the ring of the Hare {EV+10}
 58441 | Zig:9    | Identified the ring "Behyxos" {Wiz Drain rPois rF+ rN+}
 58451 | Zig:9    | Identified the +7 falchion "Ighonoq" {venom, rN+ Stlth+}
 58462 | Zig:10   | Entered Level 10 of a ziggurat
 58470 | Zig:10   | Paralysed by accursed screaming for 1 turns
 58496 | Zig:10   | Paralysed by accursed screaming for 2 turns
 58509 | Zig:10   | Found the ring of the Mage {Wiz Archmagi}
 58595 | Zig:10   | Identified the +2 rapier "Esiriss" {spect, rElec}
 58602 | Zig:10   | Identified the ring "Xejan" {rC- Will+ Int+3 Dex+3 SInv}
 58638 | Zig:11   | Entered Level 11 of a ziggurat
 58648 | Zig:11   | Found the amulet of the Four Winds {rN+ Will+++ Clar}
 58649 | Zig:11   | Noticed Dietur the pandemonium lord
 58671 | Zig:11   | Killed Dietur the pandemonium lord
 58715 | Zig:11   | Identified the +6 rapier "Jellybane" {freeze, Fragile rC+
                  | rCorr Int+5}
 58725 | Zig:11   | Identified the ring "Upna" {rPois rCorr Stlth+}
 58752 | Zig:12   | Entered Level 12 of a ziggurat
 58790 | Zig:12   | Received a gift from Okawaru
 58837 | Zig:12   | Identified the ring "Gyenejeq" {rF++ Will+ Int+4}
 58905 | Zig:13   | Entered Level 13 of a ziggurat
 58919 | Zig:13   | Noticed Riofocsi the pandemonium lord
 58945 | Zig:13   | Killed Riofocsi the pandemonium lord
 59018 | Zig:13   | Identified the +2 battleaxe "Benaim" {speed, Dex+6}
 59022 | Zig:13   | Identified the +1 short sword of Spores {freeze, rN+ SInv}
 59069 | Zig:14   | Entered Level 14 of a ziggurat
 59261 | Zig:14   | Identified the +5 scale mail of the Doldrums {rN+}
 59316 | Zig:15   | Entered Level 15 of a ziggurat
 59350 | Zig:15   | Reached skill level 27 in Unarmed Combat
 59433 | Zig:15   | Found the brooch of Shielding {Spirit SH+8}
 59445 | Zig:15   | Identified the +4 chain mail of Parlour Games {Rampage
                  | Drain rF- Dex+9}
 59453 | Zig:15   | Identified the +1 pair of boots of the Sunfish {rElec Str+7
                  | Stlth-}
 59478 | Zig:15   | Identified the +3 plate armour of the Ditch-Digger {rC++
                  | Str+2}
 59524 | Zig:16   | Entered Level 16 of a ziggurat
 59656 | Zig:16   | Identified the +5 sling of Saawn {heavy, rPois rN+}
 59683 | Zig:16   | Identified the +1 buckler of the Raven {Harm rF- rN++
                  | Dex+2}
 59752 | Zig:17   | Identified the "Aruhaj"
 59752 | Zig:17   | Identified the "Giokluefa"
 59752 | Zig:17   | Entered Level 17 of a ziggurat
 59761 | Zig:17   | Noticed Paatesh the pandemonium lord
 59766 | Zig:17   | Noticed Iraolag the pandemonium lord
 59770 | Zig:17   | Noticed Liukhirgh the pandemonium lord
 59773 | Zig:17   | Killed Paatesh the pandemonium lord
 59773 | Zig:17   | Noticed Zus Ylag the pandemonium lord
 59782 | Zig:17   | Noticed Birphytti the pandemonium lord
 59793 | Zig:17   | Noticed Suadyweod the pandemonium lord
 59797 | Zig:17   | Noticed Zeblas the pandemonium lord
 59797 | Zig:17   | Noticed Zafric the pandemonium lord
 59799 | Zig:17   | Killed Zus Ylag the pandemonium lord
 59810 | Arena    | Entered the Arena
 59815 | Arena    | Killed Zafric the pandemonium lord
 59839 | Zig:17   | Received a gift from Okawaru
 59857 | Zig:17   | Killed Liukhirgh the pandemonium lord
 59869 | Zig:17   | Killed Zeblas the pandemonium lord
 59882 | Zig:17   | Killed Birphytti the pandemonium lord
 59902 | Zig:17   | Killed Suadyweod the pandemonium lord
 59919 | Zig:17   | Killed Iraolag the pandemonium lord
 59976 | Zig:17   | Identified the serpent talisman of the Snail {rN+ Will+}
 60031 | Zig:18   | Identified the of Liyna
 60031 | Zig:18   | Identified the "Wotudeaj"
 60031 | Zig:18   | Entered Level 18 of a ziggurat
 60049 | Zig:18   | Received a gift from Okawaru
 60192 | Zig:18   | Identified the +1 helmet of Zerrio Juti {rN+}
 60197 | Zig:18   | Identified the ring "Umunn" {rElec rPois rF+ Str+4}
 60203 | Zig:18   | Identified the +8 mace "Seuhun" {holy, Dex+4}
 60207 | Zig:18   | Identified the amulet of Niar {Acrobat Str+2 Int+3}
 60278 | Zig:19   | Entered Level 19 of a ziggurat
 60313 | Zig:19   | Paralysed by an air elemental for 1 turns
 60331 | Zig:19   | Paralysed by an air elemental for 1 turns
 60340 | Zig:19   | Paralysed by an air elemental for 1 turns
 60441 | Zig:19   | Received a gift from Okawaru
 60452 | Zig:19   | Identified the granite talisman of Incorporation {Str+2
                  | Int+2 Dex-5 SInv}
 60479 | Zig:19   | Identified the +3 scale mail of Miracles {+Blink Int-4
                  | Dex+2}
 60484 | Zig:20   | Identified the of Nuufeawk
 60484 | Zig:20   | Entered Level 20 of a ziggurat
 60633 | Zig:20   | Received a gift from Okawaru
 60678 | Zig:20   | Found the +2 pair of slick slippers {slick, slippery, EV+4}
 60729 | Zig:20   | Identified the +1 rapier of the Beginning {vamp, rN++
                  | Will+}
 60783 | Zig:20   | Identified the +6 dagger "Voiseuno" {freeze, rPois Str+2}
 60857 | Zig:20   | Upgraded the game from 0.31-a0-968-g24f9ace to
                  | 0.31-a0-971-g75a2e9a
 60893 | Zig:21   | Entered Level 21 of a ziggurat
 61020 | Zig:21   | Reached skill level 27 in Armour
 61073 | Zig:21   | Received a gift from Okawaru
 61193 | Zig:21   | Identified the +4 dagger "Kusor" {flame, rN+ Int+2}
 61200 | Zig:21   | Identified the +5 trident of the Endless Violins {venom,
                  | rElec rCorr Dex+3}
 61217 | Zig:21   | Identified the +1 quarterstaff "Lunek" {holy, rCorr Str+3}
 61218 | Zig:21   | Identified the ring "Belum" {Str+6 Int+3 Dex+3 Slay+6}
 61229 | Zig:21   | Identified the +1 trident "Deuxzag" {flame, rElec}
 61249 | Zig:22   | Entered Level 22 of a ziggurat
 61374 | Zig:22   | Reached skill level 15 in Dodging
 61397 | Zig:22   | Received a gift from Okawaru
 61461 | Zig:22   | Found the +8 trishula "Condemnation" {holy, anguish, *Noise
                  | Fly rN+}
 61485 | Zig:22   | Identified the staff "Coevuon" {rF+ Stlth+ Conj}
 61492 | Zig:22   | Identified the -2 tower shield of the Cobbler {rF++ MP-9}
 61595 | Zig:23   | Identified the of Ysiwymuo
 61595 | Zig:23   | Entered Level 23 of a ziggurat
 61606 | Zig:23   | Noticed Wiesk's ghost (legendary DDFi)
 61606 | Zig:23   | Noticed Woumy's ghost (legendary GnFi)
 61606 | Zig:23   | Noticed Giukefig's ghost (legendary DDBr)
 61606 | Zig:23   | Noticed Tibbeudu's ghost (legendary DjCj)
 61607 | Zig:23   | Noticed Giukefig's ghost (legendary DDBr)
 61609 | Zig:23   | Noticed Jinaptea's ghost (legendary DDFi)
 61609 | Zig:23   | Noticed Wiesk's ghost (legendary DDFi)
 61614 | Zig:23   | Noticed Yxuenos's ghost (legendary DsFi)
 61614 | Zig:23   | Noticed Kinoajidouf's ghost (master HOBe)
 61639 | Zig:23   | Noticed Jinaptea's ghost (legendary DDFi)
 61656 | Arena    | Entered the Arena
 61662 | Arena    | Killed Wiesk's ghost
 61679 | Zig:23   | Noticed Atufasha's ghost (legendary DDBr)
 61680 | Arena    | Entered the Arena
 61703 | Arena    | Killed Jinaptea's ghost
 61719 | Zig:23   | Noticed Siupsuvve's ghost (veteran MiBe)
 61719 | Zig:23   | Noticed Jinaptea's ghost (legendary DDFi)
 61721 | Zig:23   | Noticed Wiesk's ghost (legendary DDFi)
 61728 | Zig:23   | Killed Yxuenos's ghost
 61731 | Zig:23   | Killed Wiesk's ghost
 61746 | Zig:23   | Noticed Yxuenos's ghost (legendary DsFi)
 61750 | Zig:23   | Killed Woumy's ghost
 61756 | Arena    | Entered the Arena
 61775 | Arena    | Killed Giukefig's ghost
 61942 | Zig:23   | Killed Yxuenos's ghost
 61953 | Zig:23   | Killed Kinoajidouf's ghost
 61969 | Zig:23   | Killed Jinaptea's ghost
 61980 | Zig:23   | Killed Siupsuvve's ghost
 62005 | Zig:23   | Killed Wiesk's ghost
 62037 | Zig:23   | Killed Giukefig's ghost
 62037 | Zig:23   | Received a gift from Okawaru
 62045 | Zig:23   | Killed Jinaptea's ghost
 62076 | Zig:23   | Killed Tibbeudu's ghost
 62100 | Zig:23   | Killed Atufasha's ghost
 62176 | Zig:23   | Identified the ring of Trepidation {rCorr Str-4 Int+6
                  | Dex+8}
 62178 | Zig:23   | Identified the amulet "Plog" {-Cast Will+ Regen+ rCorr
                  | Stlth+}
 62240 | Zig:23   | Identified the +4 long sword of Defence by Offence {heavy,
                  | rF+}
 62252 | Zig:23   | Identified the staff of Makhleb {rF+ MP+9 Stlth+ Fire}
 62367 | Zig:24   | Identified the "Raroptoc"
 62367 | Zig:24   | Identified the "Wuhiuxt"
 62367 | Zig:24   | Identified the of Ziphut
 62367 | Zig:24   | Entered Level 24 of a ziggurat
 62411 | Zig:24   | Noticed an ancient lich
 62417 | Zig:24   | Reached skill level 10 in Shields
 62419 | Zig:24   | Noticed a dread lich
 62425 | Zig:24   | Killed an ancient lich
 62428 | Zig:24   | Noticed an ancient lich
 62439 | Zig:24   | Killed a dread lich
 62461 | Zig:24   | Received a gift from Okawaru
 62476 | Zig:24   | Killed an ancient lich
 62666 | Zig:25   | Identified the "Gefug"
 62666 | Zig:25   | Entered Level 25 of a ziggurat
 62682 | Zig:25   | Noticed a dread lich
 62687 | Zig:25   | Killed a dread lich
 62705 | Zig:25   | Reached skill level 15 in Shields
 62730 | Zig:25   | Received a gift from Okawaru
 62834 | Zig:25   | Received a gift from Okawaru
 62883 | Zig:25   | Identified the +4 flail of Feebru {pain, Will+ Str+2}
 62913 | Zig:25   | Identified the staff of the Supporting Gods {rC+ rN+ Necro}
 62915 | Zig:25   | Identified the +5 demon whip of Omohuptu {drain, rF- Str+4
                  | Dex+3}
 63017 | Zig:26   | Identified the "Appot"
 63017 | Zig:26   | Identified the of Gifuhik
 63017 | Zig:26   | Entered Level 26 of a ziggurat
 63174 | Zig:26   | Received a gift from Okawaru
 63245 | Zig:26   | Found the +7 mace of Variability {chaos, chaos arc}
 63267 | Zig:26   | Identified the +3 leather armour of Dawn {Dex+3}
 63380 | Zig:26   | Identified the staff of the Hierophant {rN+++ Will- Str+5
                  | Conj}
 63382 | Zig:26   | Identified the +8 dagger of Propriety {heavy, rPois SInv}
 63387 | Zig:26   | Identified the ring of Modesty {Wiz rPois SInv}
 63410 | Zig:27   | Entered Level 27 of a ziggurat
 63513 | Zig:27   | Received a gift from Okawaru
 63663 | Zig:27   | Found the ring of Shadows {Umbra +Inv Stlth+}
 63669 | Zig:27   | Identified the +4 orcbow of Orerit {drain, rPois Int+3}
 63670 | Zig:27   | Identified the +8 rapier of Ehujuqol {antimagic, Drain rN+
                  | Int+3}
 63686 | Zig:27   | Identified the +1 morningstar of Tension {freeze, rN+}
 63688 | Zig:27   | Identified the +5 war axe of Heloef {freeze, Will+ SInv}
 63708 | Zig:27   | Identified the +1 leather armour of Okawaru's Hope {rF+
                  | MP+9 Str+2}
 63793 | Zig:27   | Upgraded the game from 0.31-a0-971-g75a2e9a to
                  | 0.31-a0-975-g5d48084
 63803 | Depths:4 | Upgraded the game from 0.31-a0-975-g5d48084 to
                  | 0.31-a0-977-gc230f8e
 63874 | Depths:4 | Voluntarily entered the Abyss.
 63992 | Abyss:3  | Reached skill level 1 in Short Blades
 64023 | Abyss:3  | Found a corrupted altar of Lugonu.
 64024 | Abyss:3  | Found a corrupted altar of Lugonu.
 64186 | Abyss:3  | Found a corrupted altar of Lugonu.
 64192 | Abyss:3  | Got an abyssal rune of Zot
 64210 | Abyss:3  | Received a gift from Okawaru
 64341 | Depths:4 | Escaped the Abyss
 64515 | Pan      | Entered Pandemonium
 64593 | Pan      | Found an exit through the horrors of the Abyss.
 64596 | Pan      | Identified the +4 war axe of Grand Valiance {heavy, *Noise
                  | rCorr Int+8 Dex-5}
 64611 | Pan      | Noticed Vuaduk the pandemonium lord
 64628 | Pan      | Killed Vuaduk the pandemonium lord
 64679 | Pan      | Got a demonic rune of Zot
 64705 | Pan      | Noticed Xedof the pandemonium lord
 64727 | Pan      | Killed Xedof the pandemonium lord
 65143 | Pan      | Noticed Boxkeone the pandemonium lord
 65158 | Pan      | Killed Boxkeone the pandemonium lord
 65158 | Pan      | Received a gift from Okawaru
 65467 | Pan      | Entered the realm of Mnoleg.
 65850 | Pan      | Noticed Mnoleg
 65873 | Pan      | Killed Mnoleg
 65895 | Pan      | Got a glowing rune of Zot
 66374 | Pan      | Received a gift from Okawaru
 66513 | Pan      | Noticed Ignacio
 66519 | Pan      | Killed Ignacio
 66619 | Pan      | Noticed Iminkuk the pandemonium lord
 66625 | Pan      | Killed Iminkuk the pandemonium lord
 66759 | Pan      | Noticed Rielussa the pandemonium lord
 66774 | Pan      | Killed Rielussa the pandemonium lord
 66800 | Pan      | Identified the "Rushiedgh"
 66800 | Pan      | Entered the realm of Cerebov.
 66857 | Pan      | Identified the +9 lajatang of Departure {freeze, rElec}
 66947 | Pan      | Received a gift from Okawaru
 67133 | Pan      | Identified the staff of Ylozef {rPois Will+ Poison}
 67137 | Pan      | Identified the +5 shortbow of Duty {antimagic, Fragile
                  | Dex+3 SInv}
 67142 | Pan      | Identified the +2 scale mail of Buxopn {Regen+ rCorr
                  | Stlth+}
 67730 | Pan      | Identified the +1 cloak "Kirir" {Str+3}
 67737 | Pan      | Identified the +7 dire flail of Robunidd {distort, rElec
                  | Str+4 Dex-2}
 67738 | Pan      | Identified the +1 trident "Plog" {freeze, *Slow rPois rN+++
                  | Stlth+}
 67742 | Pan      | Identified the +8 arbalest "Killer Bee's Doom" {flame, rF-
                  | Str+4 Int+7}
 67816 | Pan      | Found the +6 sword of Cerebov {flame}
 67816 | Pan      | Noticed Cerebov
 67824 | Arena    | Entered the Arena
 67835 | Arena    | Killed Cerebov
 67878 | Pan      | Identified the +7 scimitar of the Wasteland {heavy, Int+6
                  | Dex+3}
 67906 | Pan      | Got a fiery rune of Zot
 68168 | Pan      | Noticed Gera the pandemonium lord
 68178 | Pan      | Killed Gera the pandemonium lord
 68178 | Pan      | Received a gift from Okawaru
 68179 | Pan      | Reached skill level 27 in Fighting
 68209 | Pan      | Entered the realm of Gloorx Vloq.
 68553 | Pan      | Noticed Gloorx Vloq
 68569 | Pan      | Killed Gloorx Vloq
 68597 | Pan      | Got a dark rune of Zot
 68761 | Pan      | Identified the granite talisman of the Durable Grue {rF+}
 68960 | Pan      | Received a gift from Okawaru
 68962 | Pan      | Noticed Pudodgh the pandemonium lord
 68969 | Pan      | Killed Pudodgh the pandemonium lord
 69020 | Depths:2 | Escaped Pandemonium
 69105 | Depths:3 | Killed a juggernaut
 69119 | Depths:3 | Identified the -1 helmet of Wu Jian's Castigation {rElec
                  | rC+ Int+5}
 69128 | Depths:3 | Killed Loet's ghost
 69142 | Depths:3 | Upgraded the game from 0.31-a0-977-gc230f8e to
                  | 0.31-a0-978-g1e14348
 69217 | Hell     | Entered the Vestibule of Hell
 69218 | Hell     | Noticed Geryon
 69225 | Hell     | Killed Geryon
 69343 | Hell     | Received a gift from Okawaru
 69371 | Hell     | Found a gateway to the decaying netherworld of Tartarus.
 69454 | Tar:1    | Entered Level 1 of Tartarus
 69614 | Tar:2    | Reached skill level 27 in Shields
 70046 | Tar:4    | Received a gift from Okawaru
 70075 | Tar:4    | You fall into a shaft and drop 2 floors!
 70174 | Tar:6    | Received a gift from Okawaru
 70286 | Tar:6    | Noticed an ancient lich
 70293 | Tar:6    | Killed an ancient lich
 70332 | Tar:7    | Entered Level 7 of Tartarus
 71115 | Tar:7    | Noticed Ereshkigal
 71147 | Tar:7    | Killed Ereshkigal
 71177 | Tar:7    | Got a bone rune of Zot
 71822 | Tar:7    | Received a gift from Okawaru
 72266 | Tar:7    | Found the +3 Mad Mage's Maulers {Infuse+∞ VampMP -Cast}
 72272 | Tar:7    | Identified the +1 sling of Red Wine {heavy, rN+++ MP+9
                  | Str-4}
 72281 | Tar:7    | Identified the ring "Latong" {*Corrode EV+5 Str+2 Dex+3}
 72353 | Tar:7    | Identified the +1 pair of boots of the Silversmith {+Inv
                  | rPois rF+ Int-4}
 72355 | Tar:7    | Identified the staff "Jellybane" {rElec rPois rF++ Poison}
 72606 | Tar:7    | Identified the +0 scimitar "Mud Pie of Death" {venom, rElec
                  | rC- Will+}
 72627 | Tar:7    | Identified the +8 trident of Accidental Termination
                  | {antimagic, rElec Str-5 Int+6}
 72770 | Tar:7    | Received a gift from Okawaru
 72784 | Tar:7    | Identified the staff of Mutilation {rF+ rN+ Dex+3 Fire}
 72814 | Tar:7    | Identified the +5 chain mail of the Swan {Dex+2}
 72834 | Tar:7    | Identified the +5 mace of Terra Cotta {protect, rN++ Dex-5}
 73122 | Hell     | Found a gateway to the ashen valley of Gehenna.
 73131 | Geh:1    | Entered Level 1 of Gehenna
 73999 | Geh:4    | Received a gift from Okawaru
 74511 | Geh:6    | Noticed an ancient lich
 74511 | Geh:6    | Noticed a dread lich
 74511 | Geh:6    | Noticed an ancient lich
 74511 | Geh:6    | Noticed an ancient lich
 74511 | Geh:6    | Noticed an ancient lich
 74518 | Geh:6    | Killed an ancient lich
 74518 | Geh:6    | Received a gift from Okawaru
 74520 | Geh:6    | Killed a dread lich
 74523 | Geh:6    | Killed an ancient lich
 74531 | Geh:6    | Killed an ancient lich
 74536 | Geh:6    | Killed an ancient lich
 74737 | Geh:7    | Entered Level 7 of Gehenna
 75026 | Geh:7    | Received a gift from Okawaru
 75378 | Geh:7    | Identified the +3 mace "Liuth" {vamp, Str+4}
 75419 | Geh:7    | Reached skill level 27 in Dodging
 75811 | Geh:7    | Found the +13 sceptre of Asmodeus
 75811 | Geh:7    | Noticed Asmodeus
 75836 | Geh:7    | Killed Asmodeus
 75850 | Geh:7    | Identified the staff "Iliat" {rPois rN+ Poison}
 75852 | Geh:7    | Got an obsidian rune of Zot
 76090 | Hell     | Received a gift from Okawaru
 76113 | Hell     | Acquired a +2 heavy arbalest
 76113 | Hell     | Received a gift from Okawaru
 76137 | Hell     | Found a gateway to the freezing wastes of Cocytus.
 76146 | Coc:1    | Entered Level 1 of Cocytus
 76313 | Coc:3    | You are sucked into a shaft and drop 3 floors!
 76339 | Coc:6    | Reached skill level 15 in Spellcasting
 76347 | Coc:6    | Received a gift from Okawaru
 76451 | Coc:7    | Entered Level 7 of Cocytus
 76550 | Coc:7    | Received a gift from Okawaru
 76699 | Coc:7    | Identified the staff of Putrescence {Contam rPois Int+3
                  | Conj}
 76901 | Coc:7    | Paralysed by a wendigo for 1 turns
 76942 | Coc:7    | Received a gift from Okawaru
 76949 | Coc:7    | Noticed Antaeus
 76959 | Coc:7    | Killed Antaeus
 76981 | Coc:7    | Identified the staff of Kiatzos {rElec Str-4 Dex+5 Stlth+
                  | Earth}
 76984 | Coc:7    | Got an icy rune of Zot
 77221 | Hell     | Found a gateway to the Iron City of Dis.
 77230 | Dis:1    | Entered Level 1 of the Iron City of Dis
 77388 | Dis:2    | Received a gift from Okawaru
 77607 | Dis:3    | Received a gift from Okawaru
 78477 | Dis:7    | Entered Level 7 of the Iron City of Dis
 78483 | Dis:7    | Received a gift from Okawaru
 78727 | Dis:7    | Received a gift from Okawaru
 78731 | Dis:7    | Noticed a juggernaut
 78740 | Dis:7    | Killed a juggernaut
 78754 | Dis:7    | Noticed a juggernaut
 78763 | Dis:7    | Killed a juggernaut
 78951 | Dis:7    | Received a gift from Okawaru
 79016 | Dis:7    | Noticed Dispater
 79041 | Dis:7    | Killed Dispater
 79076 | Dis:7    | Got an iron rune of Zot
 79272 | Dis:7    | Identified the amulet of Zys Beeb {Reflect Int+5 SH+5}
 79277 | Dis:7    | Identified the +3 chain mail "Luuhoejocwa" {rElec}
 79416 | Dis:7    | Noticed a juggernaut
 79424 | Dis:7    | Killed a juggernaut
 79510 | Dis:7    | Found the necklace of Bloodlust {Fury *Rage Will++ Int-3
                  | Slay+6}
 79573 | Dis:7    | Received a gift from Okawaru
 79589 | Dis:7    | Identified the +4 mace of Ryghihet {flame, rF+ rN+ rCorr}
 80163 | Pan      | Entered Pandemonium
 80615 | Pan      | Identified the ring of Quab {Wiz rF+ rC+ Str-2}
 80615 | Pan      | Noticed a seraph
 80630 | Pan      | Received a gift from Okawaru
 80631 | Pan      | Killed a seraph
 80656 | Pan      | Identified the staff of Anguish {rElec Int+2 Dex+3 Air}
 80661 | Pan      | Identified the staff "Orb Guardian's Bane" {rN+ Str+2 Int+3
                  | Necro}
 80668 | Pan      | Identified the +0 robe "Iffattic" {Int+4 Dex-4}
 81174 | Pan      | Identified the -1 tower shield of the Valley {Rampage}
 81753 | Pan      | Received a gift from Okawaru
 81836 | Pan      | Reached skill level 27 in Spellcasting
 82116 | Pan      | Entered the realm of Lom Lobon.
 82116 | Pan      | Noticed Lom Lobon
 82126 | Pan      | Killed Lom Lobon
 82296 | Pan      | Received a gift from Okawaru
 82522 | Pan      | Found an exit through the horrors of the Abyss.
 82762 | Pan      | Got a magical rune of Zot
 82877 | Pan      | Acquired the scarf of the Tsukumogami {harm, rC+ Regen+
                  | Stlth+}
 82884 | Pan      | Took an exit into the Abyss.
 82884 | Abyss:3  | Escaped into the Abyss
 82895 | Abyss:3  | Found a corrupted altar of Lugonu.
 82936 | Abyss:3  | Found a corrupted altar of Lugonu.
 82972 | Depths:2 | Escaped the Abyss
 83115 | Zig:1    | Entered Level 1 of a ziggurat
 83145 | Zig:2    | Entered Level 2 of a ziggurat
 83146 | Zig:2    | Noticed Hulocvuca the pandemonium lord
 83156 | Zig:2    | Killed Hulocvuca the pandemonium lord
 83165 | Zig:3    | Entered Level 3 of a ziggurat
 83205 | Zig:4    | Entered Level 4 of a ziggurat
 83207 | Zig:4    | Noticed a dread lich
 83208 | Zig:4    | Noticed a dread lich
 83212 | Zig:4    | Killed a dread lich
 83214 | Zig:4    | Killed a dread lich
 83244 | Zig:5    | Identified the "Tistymmi"
 83244 | Zig:5    | Entered Level 5 of a ziggurat
 83272 | Zig:5    | Identified the staff of Valour {rElec rC+ rCorr Ice}
 83279 | Zig:5    | Acquired 936 gold pieces
 83286 | Zig:6    | Entered Level 6 of a ziggurat
 83305 | Zig:6    | Received a gift from Okawaru
 83360 | Zig:7    | Entered Level 7 of a ziggurat
 83426 | Zig:7    | Identified the +2 pair of gloves of Moral Flaws {-Cast SInv
                  | Stlth+}
 83432 | Zig:8    | Entered Level 8 of a ziggurat
 83496 | Zig:8    | Identified the staff "Gusacsae" {rF+ rC+ Fire}
 83511 | Zig:9    | Entered Level 9 of a ziggurat
 83515 | Zig:9    | Noticed Giukefig's ghost (legendary DDBr)
 83536 | Zig:9    | Killed Giukefig's ghost
 83543 | Zig:9    | Received a gift from Okawaru
 83584 | Zig:9    | Identified the +8 morningstar of the Lair of Beasts {venom,
                  | Will+ Dex+3}
 83597 | Zig:9    | Acquired a manual of Conjurations
 83612 | Zig:10   | Entered Level 10 of a ziggurat
 83621 | Zig:10   | Noticed Ybogg the pandemonium lord
 83622 | Zig:10   | Noticed Idiymupn the pandemonium lord
 83630 | Zig:10   | Killed Ybogg the pandemonium lord
 83631 | Zig:10   | Reached skill level 1 in Conjurations
 83641 | Zig:10   | Killed Idiymupn the pandemonium lord
 83705 | Zig:10   | Identified the staff of Lanel {Str+3 Conj}
 83722 | Zig:11   | Entered Level 11 of a ziggurat
 83733 | Zig:11   | Reached skill level 5 in Conjurations
 83753 | Zig:11   | Received a gift from Okawaru
 83768 | Zig:11   | Reached skill level 15 in Invocations
 83852 | Zig:12   | Entered Level 12 of a ziggurat
 83937 | Zig:12   | Found the +2 cloak of the Thief {*Fog Slay-2 SInv Stlth+}
 83967 | Zig:12   | Identified the ring of Imetoe {Will+ Int+6 Dex+5}
 83972 | Zig:12   | Identified the +1 shortbow of Ash {flame, rF++ Str-3 Dex+3}
 83973 | Zig:12   | Identified the staff of Irritation {rElec rPois rC+ Dex+3
                  | Air}
 84018 | Zig:13   | Entered Level 13 of a ziggurat
 84073 | Zig:13   | Received a gift from Okawaru
 84088 | Zig:13   | Reached skill level 10 in Conjurations
 84120 | Zig:13   | Identified the amulet "Ewnegh" {Faith Harm rPois rC+ Dex+2}
 84127 | Zig:13   | Identified the ring of Qazlal's Inspiration {Will+ SInv}
 84129 | Zig:13   | Identified the +5 mace "Veonliv" {heavy, rCorr}
 84133 | Zig:13   | Identified the +1 mace "Soajur" {antimagic, rCorr}
 84136 | Zig:13   | Identified the +0 swamp dragon scales of the Planets {rPois
                  | Str+6}
 84150 | Zig:13   | Identified the +3 scale mail of Compassion {rN+++ Int+3}
 84154 | Zig:14   | Identified the "Buibophe"
 84154 | Zig:14   | Identified the "Avonk"
 84154 | Zig:14   | Entered Level 14 of a ziggurat
 84188 | Zig:14   | Found the +15 Maxwell's patent armour {-Cast -Tele rElec
                  | Will+ rCorr}
 84259 | Zig:14   | Identified the +1 pair of gloves of Sif Muna's Anger {Harm
                  | rF- rC+++ Dex-4}
 84261 | Zig:14   | Identified the amulet "Wiakhere" {Acrobat Harm rF+ Str-3
                  | Int+2}
 84283 | Zig:14   | Identified the +0 pair of boots of Whack-A-Mole {Harm rC+
                  | Dex-3}
 84302 | Zig:15   | Entered Level 15 of a ziggurat
 84347 | Zig:15   | Received a gift from Okawaru
 84373 | Zig:15   | Found the +4 skin of Zhor {*Englaciate rC+++ SInv}
 84566 | Zig:16   | Entered Level 16 of a ziggurat
 84586 | Zig:16   | Found the +5 Lochaber axe {reach-cleave, Poleaxe Drain}
 84604 | Zig:16   | Found the +8 lance "Wyrmbane" {slay drac, rPois rF+ rC+
                  | AC+3}
 84680 | Zig:16   | Identified the ring "Yhydodem" {Wiz rN+}
 84783 | Zig:17   | Entered Level 17 of a ziggurat
 84797 | Zig:17   | Reached skill level 1 in Axes
 84797 | Zig:17   | Received a gift from Okawaru
 84826 | Zig:17   | Reached skill level 27 in Shapeshifting
 84842 | Zig:17   | Reached skill level 5 in Axes
 84947 | Zig:18   | Identified the "Makhiaxo"
 84947 | Zig:18   | Entered Level 18 of a ziggurat
 84981 | Zig:18   | Received a gift from Okawaru
 84984 | Zig:18   | Reached skill level 10 in Axes
 85068 | Zig:18   | Found the +4 consecrated labrys {holy, Valiant Fragile Fly
                  | SInv}
 85069 | Zig:18   | Found the +3 crown of Dyrovepreva {rElec Int+2 SInv}
 85075 | Zig:18   | Identified the ring "Caydir" {Fire Str+3}
 85076 | Zig:18   | Identified the +1 sling of Drought {heavy, *Corrode Str+3}
 85083 | Zig:18   | Identified the +6 hand axe of the Mind {speed, SInv}
 85084 | Zig:18   | Identified the ring "Laphoqum" {rElec rN+ Will+ Dex+3}
 85100 | Zig:19   | Identified the of Gucull
 85100 | Zig:19   | Entered Level 19 of a ziggurat
 85188 | Zig:19   | Reached skill level 15 in Axes
 85195 | Zig:19   | Received a gift from Okawaru
 85259 | Zig:19   | Identified the +4 ring mail "Icriless" {rCorr}
 85272 | Zig:19   | Identified the +4 long sword "Gace" {antimagic, Int+3}
 85274 | Zig:19   | Identified the +4 dagger "Yrauch" {heavy, rPois rC+}
 85291 | Zig:19   | Identified the +0 leather armour "Wunil" {Harm rElec Int+4
                  | Dex-2}
 85295 | Zig:20   | Identified the "Deotegrito"
 85295 | Zig:20   | Identified the "Jolav"
 85295 | Zig:20   | Identified the "Siucwew"
 85295 | Zig:20   | Identified the "Uthac"
 85295 | Zig:20   | Entered Level 20 of a ziggurat
 85395 | Zig:20   | Received a gift from Okawaru
 85498 | Zig:20   | Identified the +4 war axe of Expedience {antimagic, rF-
                  | Str+4 Stlth+}
 85533 | Zig:20   | Acquired a manual of Evocations
 85534 | Zig:20   | Acquired a manual of Staves
 85591 | Zig:21   | Identified the "Xuocryny"
 85591 | Zig:21   | Entered Level 21 of a ziggurat
 85712 | Zig:21   | Found the macabre finger necklace {Finger+ rN+}
 85752 | Zig:21   | Identified the +2 leather armour "Foedan Fosu" {rPois rF-
                  | Str+5 Dex+3}
 85758 | Zig:21   | Received a gift from Okawaru
 85881 | Zig:21   | Identified the +4 broad axe of the Grave {freeze, rElec}
 85885 | Zig:22   | Entered Level 22 of a ziggurat
 85973 | Zig:22   | Received a gift from Okawaru
 86133 | Zig:22   | Identified the +8 dire flail "Xebus" {flame, *Slow Int+2
                  | Dex+4}
 86138 | Zig:22   | Identified the ring "Poiffeza" {Fire Contam Dex+5 Slay+3}
 86144 | Zig:22   | Identified the +0 ice dragon scales "Meudyet Raon" {rF-
                  | rC++ rN+}
 86146 | Zig:22   | Identified the +0 robe "Foviygh" {Harm}
 86152 | Zig:22   | Identified the ring of Mokamoa {rF- Will+ Str+6 Int+6}
 86162 | Zig:22   | Identified the +2 long sword of the Sage {venom, rF+}
 86166 | Zig:22   | Identified the +3 war axe of the Vine {pain, Int+3}
 86203 | Zig:22   | Upgraded the game from 0.31-a0-978-g1e14348 to
                  | 0.31-a0-981-geadf994
 86216 | Zig:23   | Identified the "Kipt"
 86216 | Zig:23   | Entered Level 23 of a ziggurat
 86233 | Zig:23   | Noticed a royal mummy
 86248 | Zig:23   | Killed a royal mummy
 86265 | Zig:23   | Noticed a royal mummy
 86270 | Zig:23   | Noticed a royal mummy
 86275 | Zig:23   | Noticed a royal mummy
 86276 | Zig:23   | Noticed a royal mummy
 86277 | Zig:23   | Killed a royal mummy
 86280 | Zig:23   | Noticed a royal mummy
 86280 | Zig:23   | Noticed a royal mummy
 86282 | Zig:23   | Noticed a royal mummy
 86282 | Zig:23   | Noticed a royal mummy
 86284 | Zig:23   | Noticed a royal mummy
 86286 | Zig:23   | Killed a royal mummy
 86287 | Zig:23   | Noticed a royal mummy
 86319 | Zig:23   | Killed a royal mummy
 86321 | Zig:23   | Received a gift from Okawaru
 86339 | Zig:23   | Found the +5 scythe "Finisher" {speed, execute}
 86344 | Zig:23   | Noticed a royal mummy
 86345 | Zig:23   | Identified the +0 eveningstar of the Demagogue {flame,
                  | rPois}
 86347 | Zig:23   | Identified the +0 hand axe of Certain Death {vamp, rF++}
 86350 | Zig:23   | Killed a royal mummy
 86358 | Zig:23   | Noticed a royal mummy
 86361 | Zig:23   | Noticed a royal mummy
 86366 | Zig:23   | Noticed a royal mummy
 86378 | Zig:23   | Noticed a royal mummy
 86385 | Zig:24   | Identified the "Lihin"
 86385 | Zig:24   | Identified the "Ehebb"
 86385 | Zig:24   | Entered Level 24 of a ziggurat
 86506 | Zig:24   | Received a gift from Okawaru
 86656 | Zig:24   | Found the +3 greatsling "Punk" {acid, rCorr}
 86664 | Zig:24   | Identified the granite talisman of Iciariskij {Int+2 SInv}
 86673 | Zig:24   | Identified the +5 short sword of Karma {flame, rC+ MP+9
                  | Str+4 Dex-5}
 86684 | Zig:24   | Identified the +2 dagger of Doom {heavy, rF++ Stlth+}
 86688 | Zig:24   | Identified the +0 battleaxe "Viamac" {elec, *Noise rN+
                  | Will+ Str+6}
 86695 | Zig:24   | Identified the staff of Ycleuca {rC- rN+ rCorr Str+2 Necro}
 86780 | Zig:25   | Entered Level 25 of a ziggurat
 86842 | Zig:25   | Received a gift from Okawaru
 86851 | Zig:25   | Noticed Etsiwoph the pandemonium lord
 86876 | Zig:25   | Killed Etsiwoph the pandemonium lord
 86898 | Zig:25   | Received a gift from Okawaru
 87039 | Zig:25   | Reached skill level 27 in Axes
 87095 | Zig:25   | Found the amulet of Elemental Vulnerability {rPois rF--
                  | rC-- AC+8}
 87234 | Zig:25   | Identified the ring of the Sunfish {Fly Will+ Int+2 Dex+3}
 87252 | Zig:26   | Identified the of Kiaduoriu
 87252 | Zig:26   | Entered Level 26 of a ziggurat
 87287 | Zig:26   | Noticed Urphonuick the pandemonium lord
 87303 | Zig:26   | Received a gift from Okawaru
 87312 | Zig:26   | Killed Urphonuick the pandemonium lord
 87373 | Zig:26   | Reached skill level 1 in Hexes
 87376 | Zig:26   | Received a gift from Okawaru
 87449 | Zig:26   | Reached skill level 5 in Hexes
 87527 | Zig:26   | Found the Hermit's Pendant {Faith Invo=14 Evo=0 MP+5}
 87528 | Zig:26   | Found the +9 sword of Power {lifebolt}
 87529 | Zig:26   | Found the +27 heavy crossbow "Sniper" {heavy, Acc+∞ SInv}
 87536 | Zig:26   | Identified the +8 great sword of the Rat {vamp, rElec}
 87540 | Zig:26   | Identified the +3 plate armour of Restlessness {rPois Str-5
                  | Dex+2}
 87550 | Zig:26   | Identified the staff of Diet Blood {rC+ Str+2 Stlth+ Earth}
 87551 | Zig:26   | Identified the ring of Bifuk {rC- Str+6 Dex+3 Stlth+}
 87552 | Zig:26   | Identified the ring of Ygeonebua {Fire rN+ SInv}
 87556 | Zig:26   | Identified the +10 great sword of the Scorpion {pain,
                  | +Blink}
 87630 | Zig:27   | Identified the "Oxomuret"
 87630 | Zig:27   | Identified the of Uthronle
 87630 | Zig:27   | Entered Level 27 of a ziggurat
 87644 | Zig:27   | Noticed a royal mummy
 87645 | Zig:27   | Noticed a royal mummy
 87654 | Zig:27   | Killed a royal mummy
 87658 | Zig:27   | Noticed a royal mummy
 87659 | Zig:27   | Noticed a royal mummy
 87659 | Zig:27   | Noticed a royal mummy
 87659 | Zig:27   | Noticed a royal mummy
 87662 | Zig:27   | Noticed a royal mummy
 87662 | Zig:27   | Noticed a royal mummy
 87662 | Zig:27   | Noticed a royal mummy
 87664 | Zig:27   | Noticed a royal mummy
 87669 | Zig:27   | Killed a royal mummy
 87675 | Zig:27   | Noticed a royal mummy
 87678 | Zig:27   | Noticed a royal mummy
 87680 | Zig:27   | Killed a royal mummy
 87681 | Zig:27   | Killed a royal mummy
 87682 | Zig:27   | Killed a royal mummy
 87683 | Zig:27   | Reached skill level 15 in Conjurations
 87683 | Zig:27   | Noticed a royal mummy
 87684 | Zig:27   | Killed a royal mummy
 87684 | Zig:27   | Received a gift from Okawaru
 87686 | Zig:27   | Killed a royal mummy
 87690 | Zig:27   | Killed a royal mummy
 87691 | Zig:27   | Noticed a royal mummy
 87691 | Zig:27   | Noticed a royal mummy
 87691 | Zig:27   | Noticed a royal mummy
 87695 | Zig:27   | Killed a royal mummy
 87695 | Zig:27   | Noticed a royal mummy
 87698 | Zig:27   | Killed a royal mummy
 87700 | Zig:27   | Killed a royal mummy
 87703 | Zig:27   | Noticed a royal mummy
 87704 | Zig:27   | Killed a royal mummy
 87707 | Zig:27   | Noticed a royal mummy
 87708 | Zig:27   | Killed a royal mummy
 87712 | Zig:27   | Killed a royal mummy
 87713 | Zig:27   | Noticed a royal mummy
 87715 | Zig:27   | Killed a royal mummy
 87716 | Zig:27   | Received a gift from Okawaru
 87722 | Zig:27   | Noticed a royal mummy
 87726 | Zig:27   | Killed a royal mummy
 87726 | Zig:27   | Noticed a royal mummy
 87726 | Zig:27   | Noticed a royal mummy
 87727 | Zig:27   | Reached skill level 10 in Hexes
 87734 | Zig:27   | Noticed a royal mummy
 87735 | Zig:27   | Noticed a royal mummy
 87738 | Zig:27   | Killed a royal mummy
 87740 | Zig:27   | Killed a royal mummy
 87741 | Zig:27   | Killed a royal mummy
 87743 | Zig:27   | Killed a royal mummy
 87744 | Zig:27   | Killed a royal mummy
 87745 | Zig:27   | Killed a royal mummy
 87754 | Zig:27   | Killed a royal mummy
 87755 | Zig:27   | Killed a royal mummy
 87765 | Zig:27   | Killed a royal mummy
 87765 | Zig:27   | Received a gift from Okawaru
 87790 | Zig:27   | Identified the +1 plate armour "Suttog" {rN++ Stlth+}
 87802 | Zig:27   | Identified the +0 chain mail of the Monk {Harm rF+++ rC-
                  | Regen+}
 87803 | Zig:27   | Identified the +4 long sword of Wu Jian's Inspiration
                  | {spect, rElec rN+}
 87951 | Depths:4 | Lost mutation: Your spells are a little easier to cast, but
                  | a little less powerful. [potion of mutation]
 87951 | Depths:4 | Lost mutation: You have sharp toenails. [potion of
                  | mutation]
 87951 | Depths:4 | Lost mutation: Your muscles are very strong. (Str +8,
                  | Int/Dex -2) [potion of mutation]
 87951 | Depths:4 | Gained mutation: You are frail. (-10% HP) [potion of
                  | mutation]
 87953 | Depths:4 | Lost mutation: Your muscles are strong. (Str +4, Int/Dex
                  | -1) [potion of mutation]
 87953 | Depths:4 | Lost mutation: You expend magic power (3 MP) to strengthen
                  | your wands. [potion of mutation]
 87953 | Depths:4 | Lost mutation: You are frail. (-10% HP) [potion of
                  | mutation]
 87953 | Depths:4 | Gained mutation: You occasionally lose the ability to read
                  | scrolls when taking damage. [potion of mutation]
 87955 | Depths:4 | Lost mutation: You occasionally lose the ability to read
                  | scrolls when taking damage. [potion of mutation]
 87955 | Depths:4 | Gained mutation: You have a somewhat thin skeletal
                  | structure. (Dex +2, Stealth+) [potion of mutation]
 87955 | Depths:4 | Gained mutation: You are vulnerable to cold. (rC-) [potion
                  | of mutation]
 87955 | Depths:4 | Gained mutation: You passively dampen the noise of your
                  | surroundings. [potion of mutation]
 87956 | Depths:4 | Lost mutation: You passively dampen the noise of your
                  | surroundings. [potion of mutation]
 87956 | Depths:4 | Lost mutation: You are vulnerable to cold. (rC-) [potion of
                  | mutation]
 87956 | Depths:4 | Lost mutation: You have a somewhat thin skeletal structure.
                  | (Dex +2, Stealth+) [potion of mutation]
 87956 | Depths:4 | Gained mutation: You have a pair of small antennae on your
                  | head. [potion of mutation]
 87957 | Depths:4 | Lost mutation: You have a pair of small antennae on your
                  | head. [potion of mutation]
 87957 | Depths:4 | Gained mutation: Your spells are a little harder to cast,
                  | but a little more powerful. [potion of mutation]
 87957 | Depths:4 | Gained mutation: You are weak. (Str -2) [potion of
                  | mutation]
 87958 | Depths:4 | Lost mutation: You are weak. (Str -2) [potion of mutation]
 87958 | Depths:4 | Lost mutation: Your spells are a little harder to cast, but
                  | a little more powerful. [potion of mutation]
 87958 | Depths:4 | Gained mutation: You passively map a small area around you.
                  | [potion of mutation]
 87958 | Depths:4 | Gained mutation: You sometimes lose your temper in combat.
                  | [potion of mutation]
 87959 | Depths:4 | Lost mutation: You passively map a small area around you.
                  | [potion of mutation]
 87959 | Depths:4 | Lost mutation: You sometimes lose your temper in combat.
                  | [potion of mutation]
 87959 | Depths:4 | Gained mutation: You are vulnerable to cold. (rC-) [potion
                  | of mutation]
 87959 | Depths:4 | Gained mutation: You are weak. (Str -2) [potion of
                  | mutation]
 87959 | Depths:4 | Gained mutation: You have a pair of small horns on your
                  | head. [potion of mutation]
 87959 | Depths:4 | Gained mutation: You have large cloven feet. [potion of
                  | mutation]
 87960 | Depths:4 | Lost mutation: You are vulnerable to cold. (rC-) [potion of
                  | mutation]
 87960 | Depths:4 | Lost mutation: You are weak. (Str -2) [potion of mutation]
 87960 | Depths:4 | Gained mutation: You have very sharp teeth. [potion of
                  | mutation]
 87960 | Depths:4 | Gained mutation: Your spells are a little harder to cast,
                  | but a little more powerful. [potion of mutation]
 87960 | Depths:4 | Lost mutation: Your spells are a little harder to cast, but
                  | a little more powerful. [potion of mutation]
 87960 | Depths:4 | Gained mutation: You passively dampen the noise of your
                  | surroundings. [potion of mutation]
 87961 | Depths:4 | Lost mutation: You have large cloven feet. [potion of
                  | mutation]
 87961 | Depths:4 | Lost mutation: You passively dampen the noise of your
                  | surroundings. [potion of mutation]
 87961 | Depths:4 | Gained mutation: You are agile. (Dex +4, Str/Int -1)
                  | [potion of mutation]
 87961 | Depths:4 | Gained mutation: You expend magic power (3 MP) to
                  | strengthen your wands. [potion of mutation]
 87961 | Depths:4 | Gained mutation: You are robust. (+10% HP) [potion of
                  | mutation]
 87982 | Depths:4 | Lost mutation: You expend magic power (3 MP) to strengthen
                  | your wands. [potion of mutation]
 87982 | Depths:4 | Lost mutation: You are agile. (Dex +4, Str/Int -1) [potion
                  | of mutation]
 87982 | Depths:4 | Lost mutation: You are robust. (+10% HP) [potion of
                  | mutation]
 87982 | Depths:4 | Gained mutation: You occasionally lose the ability to drink
                  | potions when taking damage. [potion of mutation]
 87982 | Depths:4 | Gained mutation: You are strong-willed. (Will+) [potion of
                  | mutation]
 87982 | Depths:4 | Gained mutation: Your flesh is heat resistant. (rF+)
                  | [potion of mutation]
 87983 | Depths:4 | Lost mutation: You have very sharp teeth. [potion of
                  | mutation]
 87983 | Depths:4 | Lost mutation: Your flesh is heat resistant. (rF+) [potion
                  | of mutation]
 87983 | Depths:4 | Lost mutation: You are strong-willed. (Will+) [potion of
                  | mutation]
 87983 | Depths:4 | Gained mutation: You are frail. (-10% HP) [potion of
                  | mutation]
 87984 | Depths:4 | Lost mutation: You occasionally lose the ability to drink
                  | potions when taking damage. [potion of mutation]
 87984 | Depths:4 | Lost mutation: You have a pair of small horns on your head.
                  | [potion of mutation]
 87984 | Depths:4 | Gained mutation: You are clumsy. (Dex -2) [potion of
                  | mutation]
 87984 | Depths:4 | Gained mutation: You passively dampen the noise of your
                  | surroundings. [potion of mutation]
 87985 | Depths:4 | Lost mutation: You passively dampen the noise of your
                  | surroundings. [potion of mutation]
 87985 | Depths:4 | Lost mutation: You are clumsy. (Dex -2) [potion of
                  | mutation]
 87985 | Depths:4 | Gained mutation: Your muscles are strong. (Str +4, Int/Dex
                  | -1) [potion of mutation]
 87986 | Depths:4 | Lost mutation: Your muscles are strong. (Str +4, Int/Dex
                  | -1) [potion of mutation]
 87986 | Depths:4 | Lost mutation: You are frail. (-10% HP) [potion of
                  | mutation]
 87986 | Depths:4 | Gained mutation: Your system is resistant to poisons.
                  | (rPois) [potion of mutation]
 87987 | Depths:4 | Lost mutation: Your system is resistant to poisons. (rPois)
                  | [potion of mutation]
 87987 | Depths:4 | Gained mutation: You are occasionally teleported next to
                  | monsters. [potion of mutation]
 87987 | Depths:4 | Gained mutation: You have supernaturally acute eyesight.
                  | (SInv) [potion of mutation]
 87988 | Depths:4 | Lost mutation: You are occasionally teleported next to
                  | monsters. [potion of mutation]
 87988 | Depths:4 | Lost mutation: You have supernaturally acute eyesight.
                  | (SInv) [potion of mutation]
 87988 | Depths:4 | Gained mutation: You have large cloven feet. [potion of
                  | mutation]
 87988 | Depths:4 | Gained mutation: Your muscles are strong. (Str +4, Int/Dex
                  | -1) [potion of mutation]
 87988 | Depths:4 | Gained mutation: Armour fits poorly on your strangely
                  | shaped body. [potion of mutation]
 87989 | Depths:4 | Lost mutation: You have large cloven feet. [potion of
                  | mutation]
 87989 | Depths:4 | Lost mutation: Your muscles are strong. (Str +4, Int/Dex
                  | -1) [potion of mutation]
 87989 | Depths:4 | Gained mutation: You are weak. (Str -2) [potion of
                  | mutation]
 87989 | Depths:4 | Gained mutation: You are robust. (+10% HP) [potion of
                  | mutation]
 87990 | Depths:4 | Lost mutation: You are robust. (+10% HP) [potion of
                  | mutation]
 87990 | Depths:4 | Lost mutation: You are weak. (Str -2) [potion of mutation]
 87990 | Depths:4 | Gained mutation: You possess an exceptional clarity of
                  | mind. [potion of mutation]
 87990 | Depths:4 | Gained mutation: You passively dampen the noise of your
                  | surroundings. [potion of mutation]
 87991 | Depths:4 | Lost mutation: Armour fits poorly on your strangely shaped
                  | body. [potion of mutation]
 87991 | Depths:4 | Lost mutation: You possess an exceptional clarity of mind.
                  | [potion of mutation]
 87991 | Depths:4 | Gained mutation: You occasionally lose the ability to read
                  | scrolls when taking damage. [potion of mutation]
 87991 | Depths:4 | Gained mutation: You are weak. (Str -2) [potion of
                  | mutation]
 87991 | Depths:4 | Gained mutation: A frigid envelope surrounds you and
                  | freezes all who hurt you. [potion of mutation]
 87992 | Depths:4 | Lost mutation: You passively dampen the noise of your
                  | surroundings. [potion of mutation]
 87992 | Depths:4 | Lost mutation: You are weak. (Str -2) [potion of mutation]
 87992 | Depths:4 | Gained mutation: You have sharp toenails. [potion of
                  | mutation]
 87993 | Depths:4 | Lost mutation: You occasionally lose the ability to read
                  | scrolls when taking damage. [potion of mutation]
 87993 | Depths:4 | Lost mutation: You have sharp toenails. [potion of
                  | mutation]
 87993 | Depths:4 | Lost mutation: A frigid envelope surrounds you and freezes
                  | all who hurt you. [potion of mutation]
 87993 | Depths:4 | Gained mutation: Your flesh is cold resistant. (rC+)
                  | [potion of mutation]
 87993 | Depths:4 | Gained mutation: Armour fits poorly on your strangely
                  | shaped body. [potion of mutation]
 87994 | Depths:4 | Lost mutation: Your flesh is cold resistant. (rC+) [potion
                  | of mutation]
 87994 | Depths:4 | Lost mutation: Armour fits poorly on your strangely shaped
                  | body. [potion of mutation]
 87994 | Depths:4 | Gained mutation: Your muscles are strong. (Str +4, Int/Dex
                  | -1) [potion of mutation]
 87994 | Depths:4 | Gained mutation: You have an increased reservoir of magic.
                  | (+10% MP) [potion of mutation]
 87994 | Depths:4 | Gained mutation: Your body sometimes deteriorates upon
                  | taking damage. [potion of mutation]
 87994 | Depths:4 | Gained mutation: You are strong-willed. (Will+) [potion of
                  | mutation]
 87995 | Depths:4 | Lost mutation: Your muscles are strong. (Str +4, Int/Dex
                  | -1) [potion of mutation]
 87995 | Depths:4 | Lost mutation: Your body sometimes deteriorates upon taking
                  | damage. [potion of mutation]
 87995 | Depths:4 | Gained mutation: You possess an exceptional clarity of
                  | mind. [potion of mutation]
 87995 | Depths:4 | Gained mutation: Your muscles are strong. (Str +4, Int/Dex
                  | -1) [potion of mutation]
 87995 | Depths:4 | Gained mutation: Armour fits poorly on your strangely
                  | shaped body. [potion of mutation]
 87995 | Depths:4 | Gained mutation: You have sharp toenails. [potion of
                  | mutation]
 87996 | Depths:4 | Lost mutation: You have an increased reservoir of magic.
                  | (+10% MP) [potion of mutation]
 87996 | Depths:4 | Lost mutation: Your muscles are strong. (Str +4, Int/Dex
                  | -1) [potion of mutation]
 87996 | Depths:4 | Lost mutation: You are strong-willed. (Will+) [potion of
                  | mutation]
 87996 | Depths:4 | Gained mutation: You passively dampen the noise of your
                  | surroundings. [potion of mutation]
 87997 | Depths:4 | Lost mutation: You passively dampen the noise of your
                  | surroundings. [potion of mutation]
 87997 | Depths:4 | Lost mutation: Armour fits poorly on your strangely shaped
                  | body. [potion of mutation]
 87997 | Depths:4 | Gained mutation: You occasionally lose the ability to read
                  | scrolls when taking damage. [potion of mutation]
 87997 | Depths:4 | Gained mutation: Your mind is acute. (Int +4, Str/Dex -1)
                  | [potion of mutation]
 87997 | Depths:4 | Lost mutation: Your mind is acute. (Int +4, Str/Dex -1)
                  | [potion of mutation]
 87998 | Depths:4 | Lost mutation: You occasionally lose the ability to read
                  | scrolls when taking damage. [potion of mutation]
 87998 | Depths:4 | Lost mutation: You possess an exceptional clarity of mind.
                  | [potion of mutation]
 87998 | Depths:4 | Gained mutation: Your muscles are strong. (Str +4, Int/Dex
                  | -1) [potion of mutation]
 87998 | Depths:4 | Gained mutation: A frigid envelope surrounds you and
                  | freezes all who hurt you. [potion of mutation]
 87998 | Depths:4 | Gained mutation: You have hidden genetic potential. [potion
                  | of mutation]
 88013 | Zig:1    | Entered Level 1 of a ziggurat
 88013 | Zig:1    | Found the +9 scales of the Dragon King {rPois rF+ rC+
                  | Will+}
 88060 | Zig:2    | Entered Level 2 of a ziggurat
 88093 | Zig:2    | Identified the +1 rapier of Deflation {freeze, rElec rF+}
 88095 | Zig:3    | Entered Level 3 of a ziggurat
 88120 | Zig:3    | Identified the ring of Ymesanok {rElec rPois rCorr}
 88137 | Zig:4    | Entered Level 4 of a ziggurat
 88139 | Zig:4    | Noticed Rucauj the pandemonium lord
 88154 | Zig:4    | Killed Rucauj the pandemonium lord
 88171 | Zig:4    | Identified the +2 quarterstaff of Quick Death {heavy, rElec
                  | rCorr Int-4 SInv}
 88180 | Zig:5    | Entered Level 5 of a ziggurat
 88184 | Zig:5    | Noticed an ancient lich
 88185 | Zig:5    | Noticed an ancient lich
 88196 | Zig:5    | Killed an ancient lich
 88197 | Zig:5    | Killed an ancient lich
 88216 | Zig:6    | Entered Level 6 of a ziggurat
 88220 | Zig:6    | Noticed Giukefig's ghost (legendary DDBr)
 88228 | Zig:6    | Received a gift from Okawaru
 88276 | Zig:6    | Killed Giukefig's ghost
 88303 | Zig:7    | Identified the "Cessun"
 88303 | Zig:7    | Entered Level 7 of a ziggurat
 88307 | Zig:7    | Noticed an ancient lich
 88307 | Zig:7    | Noticed an ancient lich
 88313 | Zig:7    | Noticed an ancient lich
 88315 | Zig:7    | Killed an ancient lich
 88318 | Zig:7    | Killed an ancient lich
 88332 | Zig:7    | Killed an ancient lich
 88332 | Zig:7    | Received a gift from Okawaru
 88345 | Zig:7    | Identified the +4 mace "Vuisug" {heavy, Str+2}
 88358 | Zig:8    | Entered Level 8 of a ziggurat
 88416 | Zig:8    | Found the +7 hand cannon "Mule" {flame, backblast, rF+}
 88423 | Zig:8    | Identified the ring "Zuferphirr" {*Corrode rPois rF+ Str+6
                  | SInv}
 88426 | Zig:8    | Identified the amulet "Ecirchoic" {Spirit -Cast rPois rF+++
                  | Dex-4}
 88460 | Zig:9    | Entered Level 9 of a ziggurat
 88466 | Zig:9    | Noticed a royal mummy
 88470 | Zig:9    | Noticed a royal mummy
 88472 | Zig:9    | Noticed a royal mummy
 88476 | Zig:9    | Killed a royal mummy
 88495 | Zig:9    | Killed a royal mummy
 88504 | Zig:9    | Received a gift from Okawaru
 88508 | Zig:9    | Killed a royal mummy
 88535 | Zig:9    | Identified the amulet of Doow {Spirit rC++ Int-2 Dex+3}
 88552 | Zig:9    | Identified the +5 shortbow of Mordant Subterfuge {freeze,
                  | rElec}
 88576 | Zig:10   | Entered Level 10 of a ziggurat
 88617 | Zig:10   | Identified the ring "Ysownux" {Wiz rPois}
 88631 | Zig:10   | Identified the +0 chain mail of the Forest {rPois}
 88647 | Zig:11   | Entered Level 11 of a ziggurat
 88656 | Zig:11   | Received a gift from Okawaru
 88730 | Zig:11   | Identified the amulet "Geiguggigak" {*Corrode rN+ Regen+
                  | Int+5 Dex+3}
 88748 | Zig:11   | Identified the +4 scale mail "Kirgh" {Slay+5}
 88756 | Zig:11   | Identified the +3 cloak of Jydyog {Fly}
 88781 | Zig:11   | Lost mutation: A frigid envelope surrounds you and freezes
                  | all who hurt you. [potion of mutation]
 88781 | Zig:11   | Lost mutation: You have sharp toenails. [potion of
                  | mutation]
 88781 | Zig:11   | Lost mutation: You have hidden genetic potential. [potion
                  | of mutation]
 88781 | Zig:11   | Gained mutation: You possess an exceptional clarity of
                  | mind. [potion of mutation]
 88782 | Zig:11   | Lost mutation: Your muscles are strong. (Str +4, Int/Dex
                  | -1) [potion of mutation]
 88782 | Zig:11   | Lost mutation: You possess an exceptional clarity of mind.
                  | [potion of mutation]
 88782 | Zig:11   | Gained mutation: You are frail. (-10% HP) [potion of
                  | mutation]
 88782 | Zig:11   | Lost mutation: You are frail. (-10% HP) [potion of
                  | mutation]
 88783 | Zig:11   | Gained mutation: Armour fits poorly on your strangely
                  | shaped body. [potion of mutation]
 88783 | Zig:11   | Gained mutation: Your system is resistant to poisons.
                  | (rPois) [potion of mutation]
 88783 | Zig:11   | Gained mutation: Your muscles are strong. (Str +4, Int/Dex
                  | -1) [potion of mutation]
 88784 | Zig:11   | Lost mutation: Armour fits poorly on your strangely shaped
                  | body. [potion of mutation]
 88784 | Zig:11   | Lost mutation: Your system is resistant to poisons. (rPois)
                  | [potion of mutation]
 88784 | Zig:11   | Lost mutation: Your muscles are strong. (Str +4, Int/Dex
                  | -1) [potion of mutation]
 88784 | Zig:11   | Gained mutation: You occasionally shout uncontrollably at
                  | your foes. [potion of mutation]
 88785 | Zig:11   | Lost mutation: You occasionally shout uncontrollably at
                  | your foes. [potion of mutation]
 88785 | Zig:11   | Gained mutation: Armour fits poorly on your strangely
                  | shaped body. [potion of mutation]
 88786 | Zig:11   | Lost mutation: Armour fits poorly on your strangely shaped
                  | body. [potion of mutation]
 88786 | Zig:11   | Gained mutation: Your flesh is heat resistant. (rF+)
                  | [potion of mutation]
 88786 | Zig:11   | Gained mutation: You occasionally lose the ability to drink
                  | potions when taking damage. [potion of mutation]
 88786 | Zig:11   | Gained mutation: Your mind is acute. (Int +4, Str/Dex -1)
                  | [potion of mutation]
 88787 | Zig:11   | Lost mutation: Your mind is acute. (Int +4, Str/Dex -1)
                  | [potion of mutation]
 88787 | Zig:11   | Lost mutation: You occasionally lose the ability to drink
                  | potions when taking damage. [potion of mutation]
 88787 | Zig:11   | Lost mutation: Your flesh is heat resistant. (rF+) [potion
                  | of mutation]
 88787 | Zig:11   | Gained mutation: Your skin changes colour to match your
                  | surroundings (Stealth+). [potion of mutation]
 88787 | Zig:11   | Gained mutation: You do not regenerate when monsters are
                  | visible. [potion of mutation]
 88788 | Zig:11   | Lost mutation: Your skin changes colour to match your
                  | surroundings (Stealth+). [potion of mutation]
 88788 | Zig:11   | Lost mutation: You do not regenerate when monsters are
                  | visible. [potion of mutation]
 88788 | Zig:11   | Gained mutation: You are dopey. (Int -2) [potion of
                  | mutation]
 88788 | Zig:11   | Gained mutation: You possess an exceptional clarity of
                  | mind. [potion of mutation]
 88788 | Zig:11   | Lost mutation: You are dopey. (Int -2) [potion of mutation]
 88789 | Zig:11   | Lost mutation: You possess an exceptional clarity of mind.
                  | [potion of mutation]
 88789 | Zig:11   | Gained mutation: You have sharp toenails. [potion of
                  | mutation]
 88789 | Zig:11   | Gained mutation: Your body sometimes deteriorates upon
                  | taking damage. [potion of mutation]
 88789 | Zig:11   | Gained mutation: You sometimes lose your temper in combat.
                  | [potion of mutation]
 88789 | Zig:11   | Gained mutation: Your muscles are strong. (Str +4, Int/Dex
                  | -1) [potion of mutation]
 88790 | Zig:11   | Lost mutation: You have sharp toenails. [potion of
                  | mutation]
 88790 | Zig:11   | Lost mutation: Your body sometimes deteriorates upon taking
                  | damage. [potion of mutation]
 88790 | Zig:11   | Lost mutation: Your muscles are strong. (Str +4, Int/Dex
                  | -1) [potion of mutation]
 88790 | Zig:11   | Gained mutation: You are frail. (-10% HP) [potion of
                  | mutation]
 88790 | Zig:11   | Gained mutation: Your muscles are strong. (Str +4, Int/Dex
                  | -1) [potion of mutation]
 88791 | Zig:11   | Lost mutation: You are frail. (-10% HP) [potion of
                  | mutation]
 88791 | Zig:11   | Lost mutation: Your muscles are strong. (Str +4, Int/Dex
                  | -1) [potion of mutation]
 88791 | Zig:11   | Lost mutation: You sometimes lose your temper in combat.
                  | [potion of mutation]
 88791 | Zig:11   | Gained mutation: You are partially covered in large bone
                  | plates. (SH +4) [potion of mutation]
 88792 | Zig:11   | Lost mutation: You are partially covered in large bone
                  | plates. (SH +4) [potion of mutation]
 88792 | Zig:11   | Gained mutation: You have hidden genetic potential. [potion
                  | of mutation]
 88792 | Zig:11   | Gained mutation: Your mind is acute. (Int +4, Str/Dex -1)
                  | [potion of mutation]
 88793 | Zig:11   | Lost mutation: You have hidden genetic potential. [potion
                  | of mutation]
 88793 | Zig:11   | Lost mutation: Your mind is acute. (Int +4, Str/Dex -1)
                  | [potion of mutation]
 88793 | Zig:11   | Gained mutation: Your movements are slightly less
                  | encumbered by armour. (ER -2) [potion of mutation]
 88793 | Zig:11   | Gained mutation: Your mind is acute. (Int +4, Str/Dex -1)
                  | [potion of mutation]
 88793 | Zig:11   | Gained mutation: You have a pair of small horns on your
                  | head. [potion of mutation]
 88820 | Zig:12   | Identified the of Niroz
 88820 | Zig:12   | Entered Level 12 of a ziggurat
 88831 | Zig:12   | Noticed Jepsahu the pandemonium lord
 88837 | Zig:12   | Reached skill level 27 in Invocations
 88843 | Zig:12   | Killed Jepsahu the pandemonium lord
 88862 | Zig:12   | Received a gift from Okawaru
 88877 | Zig:12   | Identified the staff of Valiance {rC+ Will++ rCorr Int-2
                  | Dex+3 Ice}
 88888 | Zig:12   | Identified the +0 kite shield "Zolyas" {rF+ rN+}
 88913 | Zig:13   | Identified the "Inlan"
 88913 | Zig:13   | Identified the of Ynecheoq
 88913 | Zig:13   | Entered Level 13 of a ziggurat
 88981 | Zig:13   | Identified the +1 plate armour "Luitwy" {rPois Will++ Dex-3
                  | Stlth+}
 88985 | Zig:13   | Identified the +9 arbalest "Zaat" {penet, Str+3 Dex+2}
 88987 | Zig:13   | Identified the +1 leather armour of the Cuttlefish {rPois
                  | SInv}
 89022 | Zig:14   | Entered Level 14 of a ziggurat
 89062 | Zig:14   | Noticed Hyddac the pandemonium lord
 89069 | Zig:14   | Received a gift from Okawaru
 89073 | Zig:14   | Killed Hyddac the pandemonium lord
 89121 | Zig:14   | Identified the staff "Ahosm" {rElec rPois rF+ Dex-5 Air}
 89123 | Zig:14   | Identified the scarf of Biesm {+Inv, -Tele rF+ Dex+7 SInv}
 89132 | Zig:14   | Identified the ring of Heresy {Wiz *Slow rC+ Int+5 SInv}
 89166 | Zig:15   | Entered Level 15 of a ziggurat
 89203 | Zig:15   | Received a gift from Okawaru
 89234 | Zig:15   | Found the ring of the Tortoise {AC+8}
 89267 | Zig:15   | Identified the +8 battleaxe "Lifebane" {vamp, rPois rF-
                  | MP+9 Str+8}
 89283 | Zig:15   | Identified the +1 flail "Gearybb" {flame, SInv}
 89317 | Zig:15   | Lost mutation: You have a pair of small horns on your head.
                  | [potion of mutation]
 89317 | Zig:15   | Lost mutation: Your mind is acute. (Int +4, Str/Dex -1)
                  | [potion of mutation]
 89317 | Zig:15   | Gained mutation: You have a pair of small antennae on your
                  | head. [potion of mutation]
 89317 | Zig:15   | Gained mutation: You are frail. (-10% HP) [potion of
                  | mutation]
 89317 | Zig:15   | Gained mutation: You have large cloven feet. [potion of
                  | mutation]
 89318 | Zig:15   | Lost mutation: You have a pair of small antennae on your
                  | head. [potion of mutation]
 89318 | Zig:15   | Lost mutation: Your movements are slightly less encumbered
                  | by armour. (ER -2) [potion of mutation]
 89319 | Zig:15   | Lost mutation: You are frail. (-10% HP) [potion of
                  | mutation]
 89319 | Zig:15   | Lost mutation: You have large cloven feet. [potion of
                  | mutation]
 89319 | Zig:15   | Gained mutation: Your spells are a little harder to cast,
                  | but a little more powerful. [potion of mutation]
 89319 | Zig:15   | Gained mutation: You have large cloven feet. [potion of
                  | mutation]
 89319 | Zig:15   | Lost mutation: Your spells are a little harder to cast, but
                  | a little more powerful. [potion of mutation]
 89320 | Zig:15   | Lost mutation: You have large cloven feet. [potion of
                  | mutation]
 89320 | Zig:15   | Gained mutation: You have a beak for a mouth. [potion of
                  | mutation]
 89320 | Zig:15   | Gained mutation: Your natural rate of healing is unusually
                  | fast. [potion of mutation]
 89321 | Zig:15   | Lost mutation: You have a beak for a mouth. [potion of
                  | mutation]
 89321 | Zig:15   | Lost mutation: Your natural rate of healing is unusually
                  | fast. [potion of mutation]
 89321 | Zig:15   | Gained mutation: You are agile. (Dex +4, Str/Int -1)
                  | [potion of mutation]
 89321 | Zig:15   | Gained mutation: Your muscles are strong. (Str +4, Int/Dex
                  | -1) [potion of mutation]
 89321 | Zig:15   | Gained mutation: Your movements are slightly less
                  | encumbered by armour. (ER -2) [potion of mutation]
 89338 | Zig:16   | Identified the of Kuto
 89338 | Zig:16   | Entered Level 16 of a ziggurat
 89339 | Zig:16   | Upgraded the game from 0.31-a0-981-geadf994 to
                  | 0.31-a0-986-g5e6e4ef
 89366 | Zig:16   | Received a gift from Okawaru
 89416 | Zig:16   | Identified the ring of Doors {rPois Str+10 Dex-4 SInv}
 89422 | Zig:16   | Identified the +4 spear of the Slashing Sybil {venom, rElec
                  | rC+ MP+9}
 89455 | Zig:16   | Identified the +1 scale mail of the Zebrataur {Regen+
                  | Int+6}
 89463 | Zig:17   | Entered Level 17 of a ziggurat
 89473 | Zig:17   | Identified the +0 tower shield of Cuesiness {rElec Will-
                  | Int-4 Dex+8}
 89487 | Zig:17   | Received a gift from Okawaru
 89528 | Zig:17   | Identified the +3 tower shield of Zin's Inspiration {rC+}
 89561 | Zig:17   | Received a gift from Okawaru
 89574 | Zig:17   | Reached skill level 27 in Conjurations
 89574 | Zig:17   | Reached skill level 1 in Necromancy
 89624 | Zig:17   | Identified the +4 robe of Eternal Night {rF+ Str+5 Slay+3}
 89632 | Zig:17   | Identified the +5 dagger of Wounding {heavy, SInv}
 89657 | Zig:18   | Entered Level 18 of a ziggurat
 89667 | Zig:18   | Paralysed by an air elemental for 1 turns
 89698 | Zig:18   | Reached skill level 5 in Necromancy
 89725 | Zig:18   | Received a gift from Okawaru
 89734 | Zig:18   | Paralysed by an air elemental for 1 turns
 89737 | Zig:18   | Reached skill level 5 in Stealth
 89760 | Zig:18   | Reached skill level 1 in Evocations
 89773 | Zig:18   | Learned a level 5 spell: Yara's Violent Unravelling
 89800 | Zig:18   | Identified the +9 chain mail "Vipah" {rPois Will- Dex+3}
 89803 | Zig:18   | Identified the amulet "Bevef" {Regen+ Dex+2}
 89814 | Zig:18   | Identified the ring "Zyerunk" {rN+ MP+9}
 89822 | Zig:19   | Entered Level 19 of a ziggurat
 89841 | Zig:19   | Reached skill level 1 in Fire Magic
 89857 | Zig:19   | Received a gift from Okawaru
 89858 | Zig:19   | Reached skill level 5 in Evocations
 89917 | Zig:19   | Reached skill level 5 in Fire Magic
 89944 | Zig:19   | Received a gift from Okawaru
 89946 | Zig:19   | Reached skill level 10 in Evocations
 89989 | Zig:19   | Identified the ring of the Pharaoh's Fist {Wiz Drain rN+
                  | Str+3}
 89990 | Zig:19   | Identified the +8 orcbow of Causality {flame, Fragile rPois
                  | rF+ rN+}
 90024 | Zig:19   | Identified the +11 hand axe of the Bequeathed God {spect,
                  | Str+3}
 90034 | Zig:19   | Identified the +11 battleaxe of Pimun {vamp, rPois rF+
                  | Str+2 Int+2}
 90045 | Zig:19   | Reached skill level 10 in Fire Magic
 90065 | Zig:19   | Learned a level 9 spell: Fire Storm
 90074 | Zig:19   | Learned a level 8 spell: Ignition
 90077 | Zig:20   | Identified the "Figiesch"
 90077 | Zig:20   | Entered Level 20 of a ziggurat
 90094 | Zig:20   | Paralysed by an air elemental for 1 turns
 90198 | Zig:20   | Received a gift from Okawaru
 90200 | Zig:20   | Reached skill level 15 in Fire Magic
 90212 | Zig:20   | Found the -2 hat of the Alchemist {rElec rPois rF+ rC+ rN+
                  | Will+ rMut rCorr}
 90217 | Zig:20   | Identified the +1 spear of Rovonwot {drain, SInv}
 90275 | Zig:20   | Identified the +8 rapier of the Two Names {heavy, Will-
                  | Str+3 Dex+2}
 90291 | Zig:20   | Identified the +0 robe of Haafid {rPois}
 90312 | Zig:20   | Identified the +9 morningstar "Sitot" {heavy, rC+ Will++
                  | Dex-4}
 90318 | Zig:21   | Entered Level 21 of a ziggurat
 90380 | Zig:21   | Received a gift from Okawaru
 90418 | Zig:21   | Received a gift from Okawaru
 90533 | Zig:21   | Identified the staff of Awiez {rPois rC+ rN++ Int-3 SInv
                  | Poison}
 90542 | Zig:21   | Identified the +9 rapier "Sioc" {flame, Fragile +Blink
                  | Int+3 Dex+3}
 90551 | Zig:21   | Identified the ring of Ecluhet {Wiz Slay+3}
 90573 | Zig:22   | Identified the "Jirr"
 90573 | Zig:22   | Identified the of Dysoguc
 90573 | Zig:22   | Entered Level 22 of a ziggurat
 90595 | Zig:22   | Reached skill level 15 in Evocations
 90597 | Zig:22   | Received a gift from Okawaru
 90611 | Zig:22   | Received a gift from Okawaru
 90670 | Zig:22   | Found the +7 sceptre of Torment {pain, torment}
 90676 | Zig:22   | Identified the +2 quarterstaff "Tiettyj" {freeze, Dex+4}
 90677 | Zig:22   | Identified the ring of the Scuffed God {rCorr Slay+2
                  | Stlth+}
 90684 | Zig:22   | Identified the ring of Foolhardiness {rElec rN+}
 90688 | Zig:22   | Identified the staff of the Saviour {Drain Fly rN+ MP+9
                  | Dex+6 Necro}
 90778 | Zig:22   | Learned a level 3 spell: Ozocubu's Armour
 90783 | Zig:23   | Entered Level 23 of a ziggurat
 90810 | Zig:23   | Received a gift from Okawaru
 90817 | Zig:23   | Received a gift from Okawaru
 90892 | Zig:23   | Found the +8 frozen axe "Frostbite" {freeze, freezing
                  | cloud, *Noise Fly rC+}
 90899 | Zig:23   | Identified the amulet of Eti Sago {Faith Int+2 Dex+5}
 90911 | Zig:23   | Identified the +3 short sword of Deformation {freeze, Fly
                  | MP+9 Dex+4}
 90943 | Zig:23   | Identified the +9 morningstar of Fragile Peace {freeze,
                  | rPois Dex+6}
 90969 | Zig:24   | Identified the "Irenopsu"
 90969 | Zig:24   | Entered Level 24 of a ziggurat
 90992 | Zig:24   | Noticed a dread lich
 90994 | Zig:24   | Received a gift from Okawaru
 90998 | Zig:24   | Killed a dread lich
 91006 | Zig:24   | Received a gift from Okawaru
 91016 | Zig:24   | Received a gift from Okawaru
 91049 | Zig:24   | Identified the +0 pair of gloves of Disappointment {rN+}
 91118 | Zig:25   | Identified the "Sakes"
 91118 | Zig:25   | Entered Level 25 of a ziggurat
 91180 | Zig:25   | Received a gift from Okawaru
 91227 | Zig:25   | Received a gift from Okawaru
 91308 | Zig:25   | Identified the amulet of Ralav {Acrobat Fragile rElec Str+4
                  | Dex+3}
 91309 | Zig:25   | Identified the ring of Qapsess {rCorr Int+4 Dex+6}
 91343 | Zig:25   | Identified the +3 dagger of Bodily Humours {speed, *Noise
                  | rElec Int+7 Dex+3}
 91353 | Zig:25   | Identified the +1 plate armour of the Hippo {Int+4 Dex-2
                  | Slay+3}
 91363 | Zig:26   | Identified the "Tikkofamm"
 91363 | Zig:26   | Entered Level 26 of a ziggurat
 91396 | Zig:26   | Received a gift from Okawaru
 91413 | Zig:26   | Received a gift from Okawaru
 91454 | Zig:26   | Identified the amulet of Pisox {Fragile Regen+ Str+5}
 91459 | Zig:26   | Identified the ring of Yngit {rF+ rC+}
 91474 | Zig:26   | Identified the ring of the Golden Fig {Fire rPois rN+++
                  | Dex-3 Stlth+}
 91476 | Zig:26   | Identified the +2 leather armour "Lakav" {SInv}
 91478 | Zig:26   | Identified the +0 hat "Vemmaug" {rF+}
 91490 | Zig:26   | Identified the staff "Yvvets" {rN+ Stlth+ Necro}
 91499 | Zig:27   | Entered Level 27 of a ziggurat
 91514 | Zig:27   | Noticed an ancient lich
 91519 | Zig:27   | Noticed an ancient lich
 91524 | Zig:27   | Killed an ancient lich
 91525 | Zig:27   | Noticed an ancient lich
 91526 | Zig:27   | Killed an ancient lich
 91526 | Zig:27   | Received a gift from Okawaru
 91547 | Zig:27   | Killed an ancient lich
 91549 | Zig:27   | Noticed an ancient lich
 91554 | Zig:27   | Killed an ancient lich
 91554 | Zig:27   | Noticed an ancient lich
 91556 | Zig:27   | Noticed an ancient lich
 91556 | Zig:27   | Killed an ancient lich
 91557 | Zig:27   | Received a gift from Okawaru
 91563 | Zig:27   | Noticed an ancient lich
 91564 | Zig:27   | Noticed an ancient lich
 91568 | Zig:27   | Noticed an ancient lich
 91570 | Zig:27   | Killed an ancient lich
 91573 | Zig:27   | Killed an ancient lich
 91576 | Zig:27   | Killed an ancient lich
 91577 | Zig:27   | Killed an ancient lich
 91579 | Zig:27   | Received a gift from Okawaru
 91627 | Zig:27   | Identified the +2 plate armour of Beyond {rF+}
 91633 | Zig:27   | Identified the ring of Ocliec {Will+ rCorr MP+9 Int+3}
 91638 | Zig:27   | Identified the ring of Cemyod {rC+ rN++ Will+ Str-4 Int+3
                  | Slay+4}
 91650 | Zig:27   | Identified the +2 morningstar of Vagaczem {freeze, Will++}
 91736 | Zig:1    | Entered Level 1 of a ziggurat
 91753 | Zig:2    | Entered Level 2 of a ziggurat
 91771 | Zig:3    | Entered Level 3 of a ziggurat
 91795 | Zig:3    | Identified the ring "Fawoir" {rElec rPois rF+ Int-5 Dex+5}
 91810 | Zig:4    | Entered Level 4 of a ziggurat
 91828 | Zig:4    | Received a gift from Okawaru
 91836 | Zig:4    | Identified the +6 sling "Demonslayer" {elec, rC+}
 91853 | Zig:5    | Entered Level 5 of a ziggurat
 91864 | Zig:5    | Noticed Kauwkerchi the pandemonium lord
 91886 | Zig:5    | Killed Kauwkerchi the pandemonium lord
 91892 | Zig:5    | Identified the +8 dagger "Cinedio" {freeze, rPois MP+9
                  | Int+2 Stlth+}
 91907 | Zig:5    | Identified the staff "Ilaafus" {rElec Str+2 Int+3 Air}
 91938 | Zig:6    | Entered Level 6 of a ziggurat
 91945 | Zig:6    | Received a gift from Okawaru
 91966 | Zig:6    | Reached skill level 5 in Ice Magic
 91978 | Zig:6    | Identified the staff "Xyruich" {rElec Int+2 Dex+2 Air}
 91989 | Zig:7    | Entered Level 7 of a ziggurat
 91993 | Zig:7    | Noticed an orb of fire
 91994 | Zig:7    | Noticed an orb of fire
 91994 | Zig:7    | Noticed an orb of fire
 91995 | Zig:7    | Noticed an orb of fire
 91995 | Zig:7    | Noticed an orb of fire
 91999 | Zig:7    | Killed an orb of fire
 92005 | Zig:7    | Killed an orb of fire
 92008 | Zig:7    | Killed an orb of fire
 92008 | Zig:7    | Killed an orb of fire
 92008 | Zig:7    | Received a gift from Okawaru
 92010 | Zig:7    | Killed an orb of fire
 92011 | Zig:7    | Reached skill level 27 in Evocations
 92027 | Zig:7    | Identified the ring "Xicaqutewe" {*Corrode rElec rC++ AC+4
                  | Dex+3}
 92031 | Zig:7    | Identified the +4 falchion of Eson {flame, Fly Str+5 Int-3}
 92033 | Zig:7    | Identified the staff "Xolloecs" {rC+ MP+9 Int+3 Conj}
 92040 | Zig:8    | Entered Level 8 of a ziggurat
 92048 | Zig:8    | Noticed Ebbaquc the pandemonium lord
 92067 | Zig:8    | Killed Ebbaquc the pandemonium lord
 92081 | Zig:8    | Identified the +2 troll leather armour of Ebuhy {-Tele
                  | Rampage rN++ Regen+ rCorr}
 92103 | Zig:8    | Identified the staff "Goblinslayer" {rN+ Conj}
 92119 | Zig:9    | Identified the of Cilialiu
 92119 | Zig:9    | Entered Level 9 of a ziggurat
 92125 | Zig:9    | Noticed Qiefeh the pandemonium lord
 92127 | Zig:9    | Noticed Johax the pandemonium lord
 92128 | Zig:9    | Noticed Qarim the pandemonium lord
 92129 | Zig:9    | Reached skill level 10 in Ice Magic
 92129 | Zig:9    | Killed Qiefeh the pandemonium lord
 92129 | Zig:9    | Received a gift from Okawaru
 92138 | Zig:9    | Killed Qarim the pandemonium lord
 92145 | Zig:9    | Killed Johax the pandemonium lord
 92200 | Zig:10   | Identified the "Moffy"
 92200 | Zig:10   | Entered Level 10 of a ziggurat
 92223 | Zig:10   | Received a gift from Okawaru
 92228 | Zig:10   | Identified the ring "Ugifety" {rElec rC- rN+ Str+6 Int+3}
 92230 | Zig:10   | Identified the ring "Ydaorphe" {rC+ MP-9 Str+2 SInv Stlth+}
 92255 | Zig:10   | Identified the ring "Inigits" {rElec rC+}
 92270 | Zig:10   | Acquired a manual of Air Magic
 92279 | Zig:11   | Identified the of Wupuef
 92279 | Zig:11   | Entered Level 11 of a ziggurat
 92301 | Zig:11   | Reached skill level 15 in Ice Magic
 92304 | Zig:11   | Received a gift from Okawaru
 92338 | Zig:11   | Identified the +8 mace of Gehenna {pain, rN+++ Str-4 Dex+9
                  | Stlth-}
 92344 | Zig:12   | Entered Level 12 of a ziggurat
 92392 | Zig:12   | Identified the +3 quarterstaff of Due Proportion {freeze,
                  | Int+3}
 92410 | Zig:12   | Identified the ring "Zeurez" {Wiz Str+3}
 92416 | Zig:12   | Identified the staff of Mate {rC+ Will++ Int+3 Stlth+ Tloc
                  | Ice}
 92433 | Zig:13   | Entered Level 13 of a ziggurat
 92437 | Zig:13   | Noticed a royal mummy
 92438 | Zig:13   | Noticed a royal mummy
 92440 | Zig:13   | Noticed a royal mummy
 92440 | Zig:13   | Noticed a royal mummy
 92441 | Zig:13   | Received a gift from Okawaru
 92441 | Zig:13   | Noticed a royal mummy
 92441 | Zig:13   | Noticed a royal mummy
 92443 | Zig:13   | Noticed a royal mummy
 92445 | Zig:13   | Killed a royal mummy
 92445 | Zig:13   | Killed a royal mummy
 92446 | Zig:13   | Killed a royal mummy
 92446 | Zig:13   | Killed a royal mummy
 92446 | Zig:13   | Noticed a royal mummy
 92447 | Zig:13   | Noticed a royal mummy
 92448 | Zig:13   | Noticed a royal mummy
 92449 | Zig:13   | Killed a royal mummy
 92449 | Zig:13   | Killed a royal mummy
 92449 | Zig:13   | Killed a royal mummy
 92449 | Zig:13   | Killed a royal mummy
 92455 | Zig:13   | Noticed a royal mummy
 92457 | Zig:13   | Killed a royal mummy
 92459 | Zig:13   | Noticed a royal mummy
 92464 | Zig:13   | Received a gift from Okawaru
 92464 | Zig:13   | Killed a royal mummy
 92465 | Zig:13   | Killed a royal mummy
 92472 | Zig:13   | Killed a royal mummy
 92497 | Zig:13   | Identified the +4 hand axe "Fohaodawn" {freeze, rPois Str-3
                  | Dex+5 Stlth+}
 92521 | Zig:13   | Acquired a manual of Ice Magic
 92523 | Zig:13   | Identified the "Zoty" (You acquired it on level 13 of a
                  | ziggurat)
 92523 | Zig:13   | Acquired the amulet of Spontaneous Combustion {RegenMP
                  | Contam +Inv Regen+ Dex+6}
 92551 | Zig:14   | Entered Level 14 of a ziggurat
 92583 | Zig:14   | Received a gift from Okawaru
 92627 | Zig:14   | Identified the +5 chain mail "Wiusch" {Will+}
 92631 | Zig:14   | Identified the amulet of Jusmiw {RegenMP *Slow rN+ Will+
                  | rCorr Stlth+}
 92637 | Zig:14   | Identified the +6 long sword "Imeestu" {venom, Fly rPois
                  | Int+4}
 92646 | Zig:14   | Identified the ring of Eternity {+Blink rF++ EV+5 Str-3
                  | Int+2}
 92658 | Zig:14   | Identified the staff "Mefol" {rElec rN+ Air}
 92659 | Zig:14   | Identified the +3 kite shield "Nitipa" {rCorr}
 92702 | Zig:15   | Entered Level 15 of a ziggurat
 92708 | Zig:15   | Noticed a royal mummy
 92710 | Zig:15   | Noticed a royal mummy
 92710 | Zig:15   | Noticed a royal mummy
 92710 | Zig:15   | Noticed a royal mummy
 92712 | Zig:15   | Killed a royal mummy
 92715 | Zig:15   | Received a gift from Okawaru
 92715 | Zig:15   | Noticed a royal mummy
 92715 | Zig:15   | Noticed a royal mummy
 92716 | Zig:15   | Killed a royal mummy
 92717 | Zig:15   | Killed a royal mummy
 92719 | Zig:15   | Killed a royal mummy
 92722 | Zig:15   | Killed a royal mummy
 92722 | Zig:15   | Noticed a royal mummy
 92722 | Zig:15   | Noticed a royal mummy
 92723 | Zig:15   | Killed a royal mummy
 92723 | Zig:15   | Noticed a royal mummy
 92724 | Zig:15   | Noticed a royal mummy
 92725 | Zig:15   | Killed a royal mummy
 92726 | Zig:15   | Noticed a royal mummy
 92729 | Zig:15   | Killed a royal mummy
 92730 | Zig:15   | Killed a royal mummy
 92731 | Zig:15   | Killed a royal mummy
 92731 | Zig:15   | Received a gift from Okawaru
 92742 | Zig:15   | Killed a royal mummy
 92789 | Zig:15   | Found the +8 storm bow {elec, penet}
 92803 | Zig:15   | Identified the staff "Kirrecyasi" {rN++ Conj}
 92808 | Zig:15   | Identified the +2 trident of Unreason {antimagic, *Rage
                  | rF++}
 92812 | Zig:15   | Identified the +7 chain mail of Pulurr {Slay+2 Stlth+}
 92827 | Zig:15   | Identified the staff of Disharmony {Str+3 Int+4 Earth}
 92849 | Zig:16   | Identified the "Buenamih"
 92849 | Zig:16   | Entered Level 16 of a ziggurat
 92866 | Zig:16   | Noticed Hymerphi the pandemonium lord
 92875 | Zig:16   | Killed Hymerphi the pandemonium lord
 92878 | Zig:16   | Received a gift from Okawaru
 92947 | Zig:16   | Identified the staff "Kawkanna" {rElec rC+ Will+ MP+9 Air}
 92953 | Zig:16   | Identified the +2 long sword of the Enemy {heavy, rPois
                  | Int+2 Dex-3}
 92955 | Zig:16   | Identified the +2 plate armour of Thoughtfulness {rN+ Str+2
                  | Stlth-}
 92995 | Zig:17   | Identified the "Tiuppeon"
 92995 | Zig:17   | Entered Level 17 of a ziggurat
 93020 | Zig:17   | Received a gift from Okawaru
 93064 | Zig:17   | Found the +2 Maxwell's thermic engine {flame, freeze, rev}
 93074 | Zig:17   | Identified the ring "Ocoaria" {rN+ Will+ Dex+2 SInv}
 93076 | Zig:17   | Identified the ring "Amoseul" {Fire SInv}
 93097 | Zig:17   | Identified the staff of War {rElec rPois rC+ Air}
 93098 | Zig:17   | Identified the +4 rapier "Numagel" {speed, rPois}
 93099 | Zig:17   | Identified the +0 buckler of Shadows and Fog {rPois Int+6}
 93140 | Zig:17   | Learned a level 9 spell: Polar Vortex
 93150 | Zig:17   | Learned a level 9 spell: Chain Lightning
 93159 | Zig:18   | Identified the of Gaehiaf
 93159 | Zig:18   | Identified the "Synye"
 93159 | Zig:18   | Entered Level 18 of a ziggurat
 93173 | Zig:18   | Reached skill level 1 in Air Magic
 93175 | Zig:18   | Received a gift from Okawaru
 93184 | Zig:18   | Received a gift from Okawaru
 93189 | Zig:18   | Identified the ring of Xeeqies {Wiz Int+7}
 93192 | Zig:18   | Identified the ring "Onuxzeapp" {Fly rCorr MP-9 Str+8
                  | Int-4}
 93209 | Zig:18   | Identified the ring "Jytrior" {Contam rPois rN+ Int+5}
 93221 | Zig:18   | Identified the +7 mace of Zoixauhi {spect, rPois}
 93222 | Zig:18   | Identified the staff of Greatest Utility {rC+ Will- rCorr
                  | Dex+2 Ice}
 93227 | Zig:18   | Identified the +0 robe of Shielding {Str+3}
 93228 | Zig:18   | Identified the +4 long sword of Havoc {venom, rF+ rN+++
                  | Dex+3 Stlth-}
 93266 | Zig:19   | Identified the "Liduiloukue"
 93266 | Zig:19   | Entered Level 19 of a ziggurat
 93290 | Zig:19   | Reached skill level 10 in Air Magic
 93290 | Zig:19   | Received a gift from Okawaru
 93304 | Zig:19   | Received a gift from Okawaru
 93395 | Zig:19   | Identified the +8 war axe "Ciwy" {heavy, Will+ rCorr Str+2
                  | Stlth+}
 93401 | Zig:19   | Identified the +6 mace "Enideoh" {pain, rF+}
 93413 | Zig:19   | Identified the +6 falchion "Juggul" {heavy, Fly Str+2
                  | Dex-2}
 93422 | Zig:19   | Identified the +7 war axe "Ruhe" {drain, rElec rF- rC++}
 93477 | Zig:20   | Entered Level 20 of a ziggurat
 93506 | Zig:20   | Received a gift from Okawaru
 93508 | Zig:20   | Reached skill level 27 in Ice Magic
 93518 | Zig:20   | Received a gift from Okawaru
 93521 | Zig:20   | Reached skill level 15 in Air Magic
 93547 | Zig:20   | Identified the +3 ring mail of the End {Will- Regen+ Int+4}
 93550 | Zig:20   | Identified the +6 war axe of Seing {spect, Str+2}
 93551 | Zig:20   | Identified the +12 whip of False Hope {elec, Will++}
 93566 | Zig:20   | Identified the +1 pair of boots of Grottiness {rElec rCorr
                  | Slay+3}
 93578 | Zig:20   | Identified the staff "Gaqothra" {rCorr Int+2 Earth}
 93637 | Zig:20   | Identified the of Gualuopao (You acquired it on level 20
                  | of a ziggurat)
 93637 | Zig:20   | Acquired a manual of Throwing
 93656 | Zig:21   | Identified the "Zylox"
 93656 | Zig:21   | Identified the "Nutan"
 93656 | Zig:21   | Entered Level 21 of a ziggurat
 93679 | Zig:21   | Noticed a dread lich
 93679 | Zig:21   | Noticed a dread lich
 93679 | Zig:21   | Noticed an ancient lich
 93680 | Zig:21   | Noticed an ancient lich
 93680 | Zig:21   | Noticed an ancient lich
 93680 | Zig:21   | Noticed a dread lich
 93680 | Zig:21   | Noticed an ancient lich
 93682 | Zig:21   | Noticed a dread lich
 93684 | Zig:21   | Noticed an ancient lich
 93684 | Zig:21   | Received a gift from Okawaru
 93685 | Zig:21   | Noticed a dread lich
 93685 | Zig:21   | Killed a dread lich
 93685 | Zig:21   | Received a gift from Okawaru
 93685 | Zig:21   | Killed a dread lich
 93685 | Zig:21   | Killed an ancient lich
 93685 | Zig:21   | Killed an ancient lich
 93685 | Zig:21   | Killed an ancient lich
 93686 | Zig:21   | Killed a dread lich
 93687 | Zig:21   | Noticed an ancient lich
 93687 | Zig:21   | Received a gift from Okawaru
 93687 | Zig:21   | Killed a dread lich
 93688 | Zig:21   | Killed an ancient lich
 93688 | Zig:21   | Killed an ancient lich
 93696 | Zig:21   | Killed a dread lich
 93698 | Zig:21   | Received a gift from Okawaru
 93698 | Zig:21   | Killed an ancient lich
 93708 | Zig:21   | Identified the staff of Ahoblem {Str+4 Conj}
 93744 | Zig:21   | Identified the +2 shortbow "Rowi" {heavy, rCorr Dex+2
                  | Stlth+}
 93746 | Zig:21   | Identified the +6 shortbow "Tofrosys" {speed, *Slow rC+
                  | Will+ Int+2}
 93804 | Zig:22   | Entered Level 22 of a ziggurat
 93828 | Zig:22   | Received a gift from Okawaru
 93859 | Zig:22   | Received a gift from Okawaru
 93961 | Zig:22   | Identified the +2 whip "Dytuyzogg" {vamp, rPois rF+++ rC-
                  | Str-2}
 93964 | Zig:22   | Identified the +7 sling of Anguish {freeze, rF+ rN+}
 93965 | Zig:22   | Identified the ring of Miohyxaq {Fire Int+3}
 93967 | Zig:22   | Identified the +7 great mace "Faleeku" {spect, rN+}
 93986 | Zig:22   | Identified the +5 long sword of the Pillar {antimagic, rC+
                  | Int+3}
 93987 | Zig:22   | Identified the +2 falchion of Wadig {vamp, Will+}
 94003 | Zig:22   | Identified the +7 hand axe of Sharkskin {flame, Will+ MP+9}
 94022 | Zig:23   | Identified the of Efyibbat
 94022 | Zig:23   | Entered Level 23 of a ziggurat
 94043 | Zig:23   | Identified the +2 tower shield of the Arcane {rC++}
 94048 | Zig:23   | Received a gift from Okawaru
 94065 | Zig:23   | Received a gift from Okawaru
 94102 | Zig:23   | HP: 12/249 [daeva/divine providence (11)]
 94102 | Zig:23   | Killed from afar by a daeva

Illustrated notes

Levels and vault maps discovered:
D:1:      grunt_arrival_crossed_arrows, layout_rooms,
          amcnicky_mini_rare_corridor_liquid, minmay_tall_x
D:2:      layout_basic, item_on_display_a
D:3:      layout_basic, nicolae_qazlal_eye_of_the_storm,
          hellmonk_ecumenical_altar_inner_sanctum, minmay_between,
          uniq_crazy_yiuf_cottage, uniq_ijyb
D:4:      layout_loops_ring, temple_statues, gup_sewer_entry_glass,
          nicolae_hexahallways, nrook_mini_vaults, uniq_menkaure, uniq_pikel
D:5:      layout_loops_cross, gammafunk_temple_overflow_wave, minivault_4
D:6:      layout_basic, mainiacjoe_overflow_paths,
          hellmonk_okawaru_the_only_friend_you_need, zin_angel,
          mainiacjoe_overflow_catwalk_spiral, serial_aquarium,
          aquarium_bridge_straight [aquarium_subvault_bridge,
          aquarium_subvault_balcony, aquarium_subvault_bridge,
          aquarium_subvault_wall], aquarium_window_corner, aquarium_window_3,
          aquarium_view_2c, aquarium_pool_corner, dk_noncrumbling_4,
          monkooky_shop_mail_order, uniq_maggie, uniq_grinder
D:7:      layout_cave_pools, nicolae_dithmenos_through_a_glass_darkly
D:8:      nicolae_hitomezashi [nicolae_hito_row, nicolae_hito_row,
          nicolae_hito_row, nicolae_hito_row, nicolae_hito_row,
          nicolae_hito_row, nicolae_hito_row, nicolae_hito_row,
          nicolae_hito_row, nicolae_hito_row, nicolae_hito_row,
          nicolae_hito_row, nicolae_hito_row, nicolae_hito_row,
          nicolae_hito_row, nicolae_hito_row, nicolae_hito_row,
          nicolae_hito_row], layout_rooms, nicolae_overflow_crystal_walls,
          serial_shops, shop
D:9:      kennysheep_spiral_hall, layout_basic, nemelex_diamond_rough_becter,
          nzn_makhleb_speed_demon, special_room [special_room_bee],
          st_stairs_10, palyth_stone_intersect
D:10:     layout_basic, minmay_orc_entry_temple_small
D:11:     layout_basic
D:12:     layout_small_grid, ploomutoo_gammafunk_ghost_potion_laboratory
D:13:     layout_irregular_city, erik_vaults_2
D:14:     layout_basic, serial_park_square3 [serial_park_minivault_5x5_3],
          ebering_ghost_inner_flame
D:15:     hellmonk_depths_entry_around_the_bend, layout_basic, serial_rivers,
          chequers_serial_rivers_micro_d, chequers_serial_rivers_marsh,
          chequers_serial_rivers_large_b, chequers_serial_rivers_room_b,
          chequers_serial_rivers_large_a, chequers_serial_rivers_small_3,
          nicolae_ru_the_path_less_chosen, uniq_nessos
Temple:   cyrus_temple_forest
Lair:1:   layout_regular_city, pdpol_lair_neglected_garden,
          chequers_serial_rivers_micro_e, nicolae_quartered_pool_impasse,
          grunt_megastairs_1, infiniplex_staircase_pool
Lair:2:   dreamdust_isle_of_ice, layout_gridlike,
          nicolae_volcano_entry_lava_flow
Lair:3:   layout_chaotic_city, minmay_shoals_entry_centaurs,
          nicolae_snake_entry_squirm, small_statue_intersection
Lair:4:   layout_hall_layers, slime_entry_1, grunt_megastairs_4, uniq_urug,
          uniq_snorg
Lair:5:   minmay_lair_end_enchanted_forest, layout_regular_city,
          serial_bayou_pond_e, infiniplex_staircase_pool_2
Shoals:1: layout_shoals
Shoals:2: layout_shoals
Shoals:3: layout_shoals
Shoals:4: shoals_end_grunt_ice, layout_shoals, shoal_ilsuiw,
          portal_ice_cave_entry_pillars_1, serial_shops,
          nicolae_shop_statue_plus, uniq_nikola, uniq_aizul, uniq_mlioglotl
Snake:1:  layout_layer_cave, hangedman_snake_corridor_cut,
          nicolae_triple_integral
Snake:2:  layout_basic, gammafunk_ghost_arena, serial_shops,
          nicolae_shop_industrial_runoff
Snake:3:  layout_basic, minmay_shop_star, uniq_roxanne, uniq_azrael
Snake:4:  snake_pit, layout_cave_town, serial_shops, nicolae_diamond_shop
Slime:1:  layout_caves, cheibrodos_slime_lost_civilization_7
Slime:2:  layout_caves, special_room [special_room_jelly]
Slime:3:  layout_caves
Slime:4:  layout_caves
Slime:5:  slime_pit_nicolae_block_by_block
Orc:1:    layout_caves, gammafunk_ghost_necromancy, kennysheep_orc_chapel
Orc:2:    grunt_orc_tribal_feast, layout_diamond_mine, mines4_lemuel
Elf:1:    layout_geoelf_grid, serial_shops, nicolae_shop_pleasant_corner_grove,
          basic_altar, hangedman_elf_disciples, einodemon_barbed_minivault
Elf:2:    nicolae_elf_blades_crystal_corner, layout_geoelf_diagonals,
          minmay_shop_grove
Elf:3:    grunt_elf_hall_branching, layout_onion_city, hellmonk_ghost_big_iron,
          uniq_asterion
Vaults:1: hangedman_vaults_cutoff, nicolae_vaults_oval_intersection,
          grunt_vaults_hallway_long, st_hourglassy,
          nicolae_vaults_trapezoid_lopsided_1, nicolae_vaults_little_squares_4,
          nicolae_vaults_little_squares_2, nicolae_vaults_border_crossing,
          nicolae_vaults_alarming, nicolae_vaults_trapezoid_lopsided_3,
          layout_vaults_omnigrid
Vaults:2: vaults_room_pools, vaults_room_pool, nicolae_vaults_network_s,
          ontoclasm_vaults_pinch, vaults_dpeg_hooks, ontoclasm_vaults_chip,
          v_rooms_4, v_misc_25, nicolae_vaults_turnstiles, v_misc_16,
          nicolae_vaults_closet_pinwheel_6, nicolae_vaults_closet_pinwheel_4,
          layout_vaults_omnicross, uniq_zenata
Vaults:3: nicolae_vaults_octothorpe, nicolae_vaults_closet_pinwheel_4,
          minmay_crypt_entry_necro_gods, st_spiral_rooms,
          vaults_standard_mumra_x, hangedman_vaults_locks,
          nicolae_vaults_surprise_closet, nicolae_vaults_trapezoid_lopsided_1,
          vaults_room_semicircle, vaults_dpeg_emergency_exit,
          layout_vaults_big_room, nicolae_trove_entry_diagonal, serial_shops,
          nicolae_shop_behind_doors, uniq_boris
Vaults:4: portal_desolation_entry_nicolae_slug, nicolae_vaults_tetromino_L_2,
          ontoclasm_vaults_decontamination, ontoclasm_vaults_bender,
          nicolae_vaults_more_shelving_2, nicolae_vaults_tetromino_T_1,
          nicolae_vaults_storage_room_statues, hangedman_vaults_stream,
          hangedman_vaults_cutoff, nicolae_vaults_double_plus_3,
          nicolae_vaults_little_squares_5, v_rooms_6, v_misc_11, v_misc_13,
          layout_vaults_omnibox
Vaults:5: serial_shops
Crypt:1:  ragdoll_tomb_raider, layout_basic, gammafunk_ghost_door_vault
Crypt:2:  hangedman_hall_of_fallen_heroes, layout_gridlike
Depths:1: layout_gridlike, serial_bayou_pond_e, rand_demon_pan_entry_5,
          hangedman_coc_ice_floe, kennysheep_underground_church, uniq_bai_suzhen
Depths:2: hangedman_cross_cluster, layout_honeycomb, hell_entry,
          grunt_pan_entry_spiral, kennysheep_pointless_box
Depths:3: minmay_the_grid_four_pointed_star_mashed
          [minmay_the_grid_triangle_9x9_windchime,
          minmay_the_grid_triangle_9x9_zippers_horizontal,
          minmay_the_grid_triangle_9x9_negative_grid,
          minmay_the_grid_triangle_9x9_longest,
          minmay_the_grid_prize_shrinking_boxes], layout_basic, serial_curves,
          eino_curves_04, eino_curves_03, hangedman_geh_valley,
          gammafunk_ghost_wrathful_warriors, abyss_entry_crystal,
          chequers_serial_rivers_marsh
Depths:4: grunt_zot_entry_hairpin, layout_cave_shapes, enter_ziggurat_c,
          abyss_entry, minivault_14, hell_entry, minmay_multi_spiral,
          uniq_parghit, uniq_xtahua
Hell
Dis:1:    layout_jigsaw
Dis:2:    nicolae_dis_hell_of_blades
Dis:3:    layout_jigsaw
Dis:4:    layout_regular_city
Dis:5:    layout_regular_city
Dis:6:    layout_subdivisions
Dis:7:    dis_grunt_layers
Geh:1:    layout_gehenna_lava_caves
Geh:2:    layout_gehenna_pools_basic
Geh:3:    layout_gehenna_pools_basic, hangedman_hellfire_club
Geh:4:    layout_gehenna_lava_caves
Geh:5:    layout_gehenna_lava_caves
Geh:6:    layout_gehenna_pools_basic, nicolae_geh_liches_on_tour
Geh:7:    geh_grunt
Coc:1:    layout_ice_bergs
Coc:2:    layout_ice_bergs
Coc:3:    layout_cocytus_delve, nicolae_coc_melting_block
Coc:6:    layout_ice_bergs
Coc:7:    coc_grunt
Tar:1:    layout_grid_maze, nicolae_tar_cuneiform_oil
Tar:2:    layout_grid_maze
Tar:3:    layout_grid_maze, nicolae_tar_cuneiform_city, nicolae_tar_honey_chapel
Tar:4:    layout_grid_maze
Tar:6:    layout_grid_maze, evilmike_ambush [evilmike_ambush_outer_pillars,
          evilmike_ambush_inner_basic]
Tar:7:    tar_mu [tar_mu_maze]
Zot:1:    grunt_zot_stairs_faceoff, layout_basic,
          chequers_guarded_unrand_mask_of_the_dragon
Zot:2:    layout_gridlike, uniq_vv, uniq_josephina
Zot:3:    layout_cellular_growth, regret_index_zotdec_banners
Zot:4:    nicolae_moth_party, layout_onion, regret_index_zotdec_magical_s,
          st_stairs_5, drop_trap, nicolae_transmutations_shop, nrook_zot_tub
Zig:23:   ziggurat_pillar_abc, ziggurat_pillar_abc, ziggurat_pillar_abc,
          ziggurat_pillar_abc

Skill      XL: |  1  2  3  4  5  6  7  8  9 10 11 12 13 14 15 16 17 18 19 20 21 22 23 24 25 26 27 |
---------------+----------------------------------------------------------------------------------+-----
Maces & Flails | 3 |  3.0
Armour         | 1 2 3 4 6 7 10 12 15 17 18 19 21 27 | 27.0
Dodging        | 3 4 5 10 12 13 27 | 27.0
Fighting       | 3 4 5 6 7 9 11 12 13 15 16 17 18 19 21 27 | 27.0
Unarmed Combat | 2 4 6 8 9 10 13 14 17 19 21 22 23 24 27 | 27.0
Stealth        | 3 8 |  8.0
Invocations    | 4 8 10 11 12 27 | 27.0
Shapeshifting  | 5 11 14 18 19 20 23 27 | 27.0
Spellcasting   | 7 27 | 27.0
Shields        | 27 | 27.0
Short Blades   | 2 |  2.0
Conjurations   | 27 | 27.0
Axes           | 27 | 27.0
Hexes          | 14 | 14.7
Necromancy     | 8 |  8.0
Evocations     | 27 | 27.0
Fire Magic     | 25 | 25.1
Ice Magic      | 27 | 27.0
Air Magic      | 23 | 23.9
Throwing       | |  1.8

Action                     |  1- 3 |  4- 6 |  7- 9 | 10-12 | 13-15 | 16-18 | 19-21 | 22-24 | 25-27 || total
---------------------------+-------+-------+-------+-------+-------+-------+-------+-------+-------++-------
  Melee: Flail             |    83 |   197 |       |       |       |       |       |       |       ||   280
         Punch             |     1 |     6 |    16 |    67 |   142 |   200 |   293 |   277 |  1276 ||  2278
         Dagger            |       |   102 |    26 |       |       |       |       |       |       ||   128
         Unarmed           |       |       |   306 |   709 |  1213 |  1312 |  1420 |  1416 |  7891 || 14267
         Kick              |       |       |       |    87 |   440 |   330 |       |       |       ||   857
         Lochaber axe      |       |       |       |       |       |       |       |       |  2168 ||  2168
         Headbutt          |       |       |       |       |       |       |       |       |    31 ||    31
   Fire: Shortbow          |       |       |       |       |       |     2 |       |       |       ||     2
   Cast: Ignition          |       |       |       |       |       |       |       |       |    78 ||    78
         Fire Storm        |       |       |       |       |       |       |       |       |    39 ||    39
         Polar Vortex      |       |       |       |       |       |       |       |       |    11 ||    11
         Ozocubu's Armour  |       |       |       |       |       |       |       |       |     1 ||     1
         Yara's Violent Un |       |       |       |       |       |       |       |       |     1 ||     1
 Invoke: Heroism           |       |       |     3 |     9 |       |     4 |     4 |     6 |    12 ||    38
         Finesse           |       |       |       |     2 |     2 |     3 |     5 |     8 |    80 ||   100
         Receive Armour    |       |       |       |       |     1 |       |       |       |       ||     1
         Duel              |       |       |       |       |       |     3 |     1 |     1 |     5 ||    10
         Receive Weapon    |       |       |       |       |       |       |       |       |     1 ||     1
Ability: Siphon Essence    |       |       |       |       |       |       |       |       |    14 ||    14
  Evoke: Wand              |       |       |       |     2 |     4 |       |       |     1 |    33 ||    40
         Lightning rod     |       |       |       |       |       |       |       |       |     8 ||     8
         Figurine of a zig |       |       |       |       |       |       |       |       |     3 ||     3
         Phial of floods   |       |       |       |       |       |       |       |       |     2 ||     2
    Use: Scroll            |     4 |     4 |     6 |     9 |    19 |    10 |     8 |     6 |    80 ||   146
         Potion            |       |     1 |     5 |     3 |     5 |    17 |       |       |    86 ||   117
   Stab: Invisible         |       |       |       |     1 |       |     3 |       |       |    22 ||    26
         Distracted        |       |       |       |       |     1 |       |       |       |     6 ||     7
         Petrified         |       |       |       |       |       |       |       |       |    15 ||    15
         Petrifying        |       |       |       |       |       |       |       |       |     6 ||     6
         Held in net/web   |       |       |       |       |       |       |       |       |     2 ||     2
 Armour: Leather armour    |     3 |   106 |    70 |       |       |       |       |       |       ||   179
         Ring mail         |    66 |    74 |       |       |       |       |       |       |       ||   140
         Steam dragon scal |       |       |    13 |       |       |       |       |       |       ||    13
         Scale mail        |       |       |   142 |   317 |       |       |       |       |       ||   459
         Plate armour      |       |       |       |   330 |   812 |       |       |       |       ||  1142
         Fire dragon scale |       |       |       |    14 |       |       |       |       |       ||    14
         Crystal plate arm |       |       |       |       |   341 |  1255 |   986 |   222 |  9417 || 12221
         Gold dragon scale |       |       |       |       |       |       |       |   758 |   475 ||  1233
  Dodge: Dodged            |    54 |   188 |   189 |   376 |   525 |   544 |  1028 |   820 | 11233 || 14957
  Block: Other             |       |    52 |    64 |   113 |   167 |   175 |   141 |   110 |  1078 ||  1900
         Tower shield      |       |       |       |       |       |       |       |       |  1731 ||  1731
         Form:             |       |       |       |     1 |       |       |     1 |     1 |    16 ||    19
         Anaconda          |       |       |       |     1 |       |       |       |       |       ||     1
         Statue            |       |       |       |       |       |       |     1 |       |       ||     1
         Blade             |       |       |       |       |       |       |       |     2 |     1 ||     3
         Death             |       |       |       |       |       |       |       |       |    18 ||    18

Table legend: (Time is in decaauts)
 A = Elapsed time spent in this place.
 B = Non-inter-level travel time spent in this place.
 C = Inter-level travel time spent in this place.
 D = Time resting spent in this place.
 E = Time spent auto-exploring this place.
 F = Levels seen in this place.
 G = Mean time per level.
                   A        B        C        D        E       F      G
               +--------+--------+--------+--------+--------+-----+--------+
         Total |  86195 |  79698 |   6497 |   3403 |  44873 | 221 |  390.0 |
       Dungeon |  15309 |  13405 |   1904 |    771 |   9338 |  15 | 1020.6 |
        Temple |     64 |     33 |     31 |      0 |      0 |   1 |   64.0 |
          Lair |   5639 |   5082 |    557 |    466 |   2902 |   5 | 1127.8 |
        Shoals |   3695 |   3539 |    156 |    289 |   2321 |   4 |  923.8 |
     Snake Pit |   4529 |   4395 |    134 |    227 |   2930 |   4 | 1132.2 |
    Slime Pits |   2229 |   2096 |    133 |     44 |   1588 |   5 |  445.8 |
  Orcish Mines |   1093 |    937 |    156 |      4 |    588 |   2 |  546.5 |
   Elven Halls |   2701 |   2448 |    253 |      0 |   1830 |   3 |  900.3 |
        Vaults |   6440 |   5560 |    880 |    160 |   3880 |   5 | 1288.0 |
         Crypt |   1335 |   1218 |    117 |     29 |    726 |   2 |  667.5 |
        Depths |   5908 |   4724 |   1184 |     64 |   3325 |   4 | 1477.0 |
          Hell |    677 |    654 |     23 |      0 |    243 |   1 |  677.0 |
           Dis |   2395 |   2259 |    136 |    392 |   1213 |   7 |  342.1 |
       Gehenna |   2670 |   2491 |    179 |      0 |   1710 |   7 |  381.4 |
       Cocytus |    807 |    807 |      0 |      0 |    231 |   5 |  161.4 |
      Tartarus |   3317 |   2972 |    345 |      0 |   1923 |   6 |  552.8 |
           Zot |   4279 |   3977 |    302 |    348 |   2713 |   4 | 1069.8 |
         Abyss |    866 |    866 |      0 |     54 |    247 |   4 |  216.5 |
   Pandemonium |   6630 |   6630 |      0 |    108 |   3185 |  18 |  368.3 |
      Ziggurat |  13178 |  13178 |      0 |    320 |   2963 | 104 |  126.7 |
         Trove |     62 |     62 |      0 |      0 |      2 |   1 |   62.0 |
         Sewer |    433 |    433 |      0 |      0 |    231 |   1 |  433.0 |
      Ice Cave |    556 |    556 |      0 |      0 |    265 |   1 |  556.0 |
       Volcano |    343 |    343 |      0 |     33 |     64 |   1 |  343.0 |
    Desolation |    812 |    812 |      0 |      0 |    454 |   1 |  812.0 |
         Arena |    217 |    217 |      0 |     92 |      0 |  10 |   21.7 |
               +--------+--------+--------+--------+--------+-----+--------+

Top non-repeatable levels by time:
   Tar:7: 2599 daAuts
Depths:4: 1882 daAuts
Depths:3: 1730 daAuts
Vaults:1: 1672 daAuts
     D:9: 1667 daAuts
     D:6: 1592 daAuts
    D:10: 1563 daAuts
  Lair:2: 1523 daAuts
Depths:2: 1408 daAuts
 Snake:1: 1405 daAuts
   Zot:1: 1347 daAuts
     D:4: 1327 daAuts
  Lair:3: 1322 daAuts
Shoals:4: 1319 daAuts
 Slime:5: 1297 daAuts
